 Dungeon Crawl Stone Soup version 0.30.0-20-g3615ddf2f0 (webtiles) character file.

Game seed: 126146819793535291

412641 qw the Impregnable (level 23, -10/160 HPs)
             Began as a Gargoyle Fighter on May 29, 2023.
             Was a High Priest of Okawaru.
             Mangled by Mennas
             ... wielding a +5 trishula of holy wrath
              (35 damage)
             ... on level 5 of the Vaults.
             The game lasted 00:33:42 (47099 turns).

qw the Impregnable (Gargoyle Fighter)              Turns: 47099, Time: 00:33:43

Health: -10/160    AC: 71    Str: 31    XL:     23   Next: 54%
Magic:  18/21      EV: 17    Int: 11    God:    Okawaru [*****.]
Gold:   358        SH: 33    Dex: 12    Spells: 22/22 levels left

rFire   . . .        z - +2 war axe "Meca" {venom, rC+++ Will+++ MP-9 Dex+3}
rCold   + + +        H - +0 tower shield {AC+3}
rNeg    + . .        O - +1 crystal plate armour
rPois   inf          m - +2 helmet
rElec   +            o - +1 cloak of the Tarantula {rPois Regen+}
rCorr   .            t - +2 pair of gloves
SInv    .            E - +1 pair of boots "Xaun" {Str+2}
Will    ++++.        q - amulet of reflection Stlth
                     v - +5 ring of evasion
HPRegen 1.26/turn    n - +4 ring of protection
MPRegen 0.17/turn

%: reflection
@: heroic, finesse-ful, flying, glowing, silenced
A: sickness immunity, AC +17, big wings, negative energy resistance 1,
electricity resistance, torment resistance 1, petrification resistance, hooves
1, large bone plates 1, screaming 1
}: 2/15 runes: serpentine, barnacled
a: Renounce Religion


You were on level 5 of the Vaults.
You worshipped Okawaru.
Okawaru was extremely pleased with you.
You visited 8 branches of the dungeon, and saw 40 of its levels.
You also visited: Sewer.

You collected 3694 gold pieces.
You spent 3336 gold pieces at shops.


Innate Abilities, Weirdness & Mutations

You are immune to sickness and miasma.
Your stone body is resilient. (AC +17)
You are immune to poison.
Your large and strong wings let you fly.
You resist negative energy. (rN+)
You are resistant to electric shocks. (rElec)
You are resistant to unholy torment.
You are immune to petrification.
You have large cloven feet.
You are partially covered in large bone plates. (SH +4)
You occasionally shout uncontrollably at your foes.


   Skills:
 + Level 21.0(26.0) Fighting
 - Level 17.0(22.0) Axes
 - Level 12.0(17.0) Throwing
 - Level 22.0(27) Armour
 - Level 8.0(13.0) Dodging
 - Level 21.0(26.0) Shields
 - Level 10.0 Invocations


You had 22 spell levels left.
You didn't know any spells.
Your spell library was empty.

Inventory:

Hand Weapons
 z - the +2 war axe "Meca" (weapon) {venom, rC+++ Will+++ MP-9 Dex+3}
   (You found it on level 1 of the Shoals)

   Dex:       It affects your dexterity (+3).
   rC:        It renders you almost immune to cold.
   MP:        It affects your magic capacity (-9).
   Will:      It greatly increases your willpower.
 C - a +4 broad axe of flaming
Missiles
 e - 8 javelins
 k - 2 silver boomerangs
 y - 4 boomerangs of dispersal
 D - 53 boomerangs
 M - 6 silver javelins (quivered)
Armour
 g - +4 fire dragon scales {Xtahua}
 m - a +2 helmet (worn)
 o - the +1 cloak of the Tarantula (worn) {rPois Regen+}
   (You found it on level 3 of the Snake Pit)

   rPois:     It protects you from poison.
   Regen:     It increases your rate of health regeneration.
 s - +0 gold dragon scales
 t - a +2 pair of gloves (worn)
 B - +0 acid dragon scales
 E - the +1 pair of boots "Xaun" (worn) {Str+2}
   (You found it on level 11 of the Dungeon)

   Str:       It affects your strength (+2).
 H - a +0 tower shield of protection (worn)
 J - the -2 hat of the Alchemist {rElec rPois rF+ rC+ rN+ Will+ rMut rCorr}
   (You bought it in a shop on level 4 of the Vaults)

   rF:        It protects you from fire.
   rC:        It protects you from cold.
   rElec:     It insulates you from electricity.
   rPois:     It protects you from poison.
   rN:        It protects you from negative energy.
   rCorr:     It protects you from acid and corrosion.
   rMut:      It protects you from mutation.
   Will:      It increases your willpower.
 O - a +1 crystal plate armour (worn)
Jewellery
 c - a ring of protection from cold
 l - a ring of ice
 n - a +4 ring of protection (right hand)
 q - an amulet of reflection (around neck)
 v - a +5 ring of evasion (left hand)
 A - a ring of fire
 N - a ring of fire
Wands
 j - a wand of digging (4)
Scrolls
 p - 29 scrolls of identify
 u - 16 scrolls of teleportation
 G - a scroll of brand weapon
 K - 2 scrolls of enchant weapon
Potions
 a - 5 potions of lignification
 b - 2 potions of cancellation
 d - 6 potions of might
 f - 8 potions of haste
 h - 3 potions of mutation
 i - 12 potions of curing
 r - 6 potions of attraction
 w - 5 potions of magic
 x - 3 potions of heal wounds

Dungeon Overview and Level Annotations

Branches:
Dungeon (15/15)            Temple (1/1) D:7            Lair (5/5) D:8
 Shoals (4/4) Lair:3        Snake (4/4) Lair:2        Slime (0/5) Lair:5
    Orc (2/2) D:11            Elf (0/3) Orc:2        Vaults (5/5) D:14
  Crypt (0/3) Vaults:2     Depths (4/4) D:15            Zot (0/5) Depths:4
  Sewer (visited)

Altars:
Ashenzari
Cheibriados
Dithmenos
Elyvilon
Fedhas
Gozag
Hepliaklqana
Kikubaaqudgha
Makhleb
Nemelex Xobeh
Okawaru
Qazlal
Ru
Sif Muna
Trog
Uskayaw
Vehumet
Wu Jian
Xom
Yredelemnul
Zin
The Shining One

Shops:
D:2 [*[   D:8 ==[(=   D:14 (   Orc:2 (*[*   Shoals:3 ?   Shoals:4 *[
Snake:2 ?*(   Vaults:4 *   Depths:1 =(:?   Depths:2 [!*

Portals:
Hell: Depths:1 Depths:2 Depths:3 Depths:4
Abyss: Depths:3
Pandemonium: Depths:2
Ziggurat: Depths:1

Annotations:
D:7 2 transporters, qw's ghost, novice GrFi
D:9 1 runed translucent door, qw's ghost, novice GrCA
D:13 2 transporters, Xeymp's ghost, journeyman SpEn
Orc:2 1 runed translucent door, qw's ghost, adept GrFi
Vaults:5 Mennas
Depths:3 1 transporter


Message History

Mennas is moderately wounded.
Mennas blocks your attack.
Mennas is moderately wounded.
You block Mennas's attack. x2
You miss Mennas.
Mennas is moderately wounded.
You block the vault guard's attack.
You hit Mennas but do no damage.
Mennas is moderately wounded.
You block Mennas's attack. Mennas misses you. Mennas blocks your attack.
Mennas is moderately wounded.
You miss Mennas.
Mennas is moderately wounded.
Mennas gestures frantically.
Mennas's surroundings become eerily quiet.
The vault guard closely misses you. Mennas blocks your attack.
Mennas is moderately wounded.
The deep elf sorcerer points at you and mumbles some strange words.
The sphere of damnation explodes!
The damnation engulfs you!!!
The damnation engulfs the vault guard!
47097 ||| DRINKING 6 potions of heal wounds.
You feel much better. Mennas hits you but does no damage.
You block Mennas's attack. You block the vault guard's attack.
Mennas hits you with a +5 trishula of holy wrath!!
Mennas hits you but does no damage.
47098 ||| DRINKING 5 potions of heal wounds.
You feel much better.
Mennas looks more healthy.
Mennas shakes his head sadly.
Mennas hits you with a +5 trishula of holy wrath!!!
You block Mennas's attack.
A yaktaur captain comes into view.
The vault guard hits you but does no damage.
47099 ||| DRINKING 4 potions of heal wounds.
You feel much better.
Mennas hits you with a +5 trishula of holy wrath!!
You die...

.?. #....# ...
#...#....# ..#.
###..#....#.....
.....#....#...#
.............c
#####....)...####
......CA..)......
..)...))@<)......
......)<))<......
......))p<.......
#####..([[...####
.....e.......#
e....#....#...#
##...#....##....
#...#....# #...
#...#....# ..


You could see Mennas (strong, silencing), a fire giant, a yaktaur captain, a
vault guard and a deep elf sorcerer (fast).

Vanquished Creatures
  A dread lich (Depths:4)
  Mara (Depths:3)
  2 juggernauts
  Boris (thrice) (Vaults:4 Depths:4 Vaults:5)
  Bai Suzhen (Depths:2)
  Vashnia (Snake:4)
  Xtahua (Vaults:4)
  4 golden dragons
  the Enchantress (Depths:2)
  A tentacled monstrosity (Depths:4)
  Mlioglotl (Snake:4)
  2 liches
  Rupert (Orc:2)
  An iron giant (Depths:2)
  2 walking frostbound tomes (Depths:4)
  2 titans (Depths:4)
  3 walking earthen tomes (Depths:4)
  Asterion (Snake:3)
  2 krakens
  Polyphemus (Shoals:4)
  Agnes (D:15)
  Kirke (Snake:4)
  Ilsuiw (Shoals:4)
  2 tengu reavers
  Donald (Snake:3)
  A shadow dragon (Depths:4)
  4 storm dragons
  4 nagarajas (Snake:4)
  Roxanne (Snake:3)
  Aizul (Snake:2)
  9 vault wardens
  3 fire giants
  A deep elf sorcerer (Vaults:5)
  Louise (D:15)
  3 iron dragons
  A draconian scorcher (Depths:4)
  2 orc warlords (Vaults:3)
  6 frost giants
  8 ironbound preservers
  6 spriggan defenders
  A caustic shrike skeleton (Depths:3)
  28 very ugly things
  4 ironbound thunderhulks
  15 stone giants
  A deep elf demonologist (Vaults:5)
  2 green draconians (Depths:4)
  2 vampire knights (Depths:2)
  A black draconian (Depths:4)
  A red draconian (Depths:4)
  A yellow draconian (Depths:4)
  A purple draconian (Depths:4)
  Azrael (D:14)
  15 dire elephants
  5 spark wasps (Depths:3)
  2 deep elf annihilators
  4 ettins
  A deep elf death mage (Vaults:5)
  6 merfolk javelineers
  11 merfolk impalers
  5 great orbs of eyes
  6 fire dragons
  3 jiangshi (Depths:3)
  4 entropy weavers (Vaults:3)
  2 yaktaur captains
  Erolcha (D:9)
  A peacekeeper (Vaults:3)
  29 vault guards
  A rakshasa (Depths:2)
  5 ice dragons
  2 salamander tyrants
  2 catoblepae
  5 anacondas
  6 hydras
  An ogre mage (Vaults:5)
  5 spriggan air magi
  6 merfolk aquamancers
  2 alligator snapping turtles (Shoals:4)
  3 ironbound frosthearts
  5 merfolk avatars
  6 centaur warriors
  6 boulder beetles
  5 tengu warriors
  3 satyrs
  6 two-headed ogres
  5 deep troll shamans
  6 death yaks
  4 deep troll earth magi
  16 naga warriors
  7 spriggan berserkers
  13 naga sharpshooters
  3 vampire magi
  An orc high priest (Orc:2)
  8 shock serpents
  A hell knight (Depths:4)
  7 skysharks
  5 salamander mystics
  A storm dragon skeleton (Depths:2)
  12 iron trolls
  49 deep trolls
  8 sea snakes
  A glowing orange brain (shapeshifter) (Vaults:5)
  9 skeletal warriors
  A flayed ghost (Vaults:5)
  6 lindwurms
  2 wizards
  3 naga ritualists
  6 glowing orange brains
  A spriggan simulacrum (Depths:3)
  8 orc knights
  A tengu zombie (Depths:1)
  5 necromancers
  4 phantasmal warriors
  21 ironbound convokers
  A deep elf pyromancer (D:15)
  A fire giant zombie (Depths:2)
  36 harpies
  18 fauns
  A shining eye (shapeshifter) (Vaults:5)
  2 orc sorcerers (Orc:2)
  8 mana vipers
  11 cyclopes
  A stone giant zombie (Depths:1)
  42 ugly things
  16 elephants
  14 salamanders
  A sphinx skeleton (Depths:3)
  16 manticores
  15 vault sentinels
  Maurice (D:8)
  4 water nymphs
  Joseph (D:8)
  40 black mambas
  17 merfolk sirens
  3 fire giant skeletons (Vaults:2)
  22 naga magi
  Maggie (D:8)
  12 guardian serpents
  5 human skeletons
  A torpor snail (Lair:4)
  2 stone giant skeletons
  A gargoyle (D:14)
  9 cane toads
  A spriggan zombie (Depths:2)
  2 freezing wraiths (Vaults:5)
  2 rime drakes
  2 unseen horrors
  2 efreet
  29 yaktaurs
  A kobold demonologist (D:9)
  A yaktaur skeleton (Vaults:2)
  11 komodo dragons
  A tengu conjurer (D:15)
  3 harpy zombies (Shoals:2)
  A queen bee (shapeshifter) (D:15)
  An elf skeleton (Vaults:2)
  A meliai (shapeshifter) (D:13)
  7 trolls
  A tyrant leech (shapeshifter) (Vaults:5)
  39 merfolk
  4 polar bears
  3 meliai (D:15)
  A tarantella (Vaults:3)
  A wind drake (shapeshifter) (D:14)
  A hornet (Depths:4)
  10 wind drakes
  16 blink frogs
  An ettin zombie (Vaults:3)
  12 slime creatures
  A jumping spider (Vaults:3)
  13 snapping turtles
  A spriggan (Depths:4)
  A spriggan skeleton (Depths:1)
  An ettin skeleton (Vaults:2)
  3 wraiths
  17 water elementals
  9 wyverns
  An elf zombie (Vaults:3)
  3 fire elementals (D:14)
  62 yaks
  4 hogs (Snake:4)
  5 redbacks (Vaults:3)
  4 basilisks
  10 vampire mosquitoes
  A chaos spawn (Depths:2)
  64 nagas
  An acid dragon (D:11)
  A warg (Orc:2)
  A human simulacrum (Vaults:1)
  6 hell hounds
  16 water moccasins
  2 glowing shapeshifter skeletons (Vaults:1)
  An ogre skeleton (Vaults:2)
  A sky beast (D:7)
  32 orc warriors
  3 ice beasts
  7 black bears
  11 wolves
  2 manticore zombies (Shoals:2)
  10 ogres
  22 centaurs
  5 kobold brigands (D:5)
  A phantom (D:6)
  11 bullfrogs
  4 scorpions
  3 gnoll sergeants
  13 wights
  A killer bee (shapeshifter) (D:15)
  An oklob sapling (D:7)
  12 killer bees
  5 howler monkeys
  An electric eel (Snake:2)
  4 jellies
  3 hounds
  10 orc priests
  A gnoll bouda (D:7)
  2 iguanas
  A sleepcap (D:7)
  Jessica (D:2)
  16 orc wizards
  12 gnolls
  6 adders
  2 shadow imps (D:7)
  2 white imps
  An ufetubus (D:5)
  2 dart slugs
  68 orcs
  A bat zombie (Shoals:2)
  13 endoplasms
  8 giant cockroaches
  6 goblins
  6 hobgoblins
  4 jackals (Sewer)
  3 quokkas
  8 ball pythons
  3 bats
  2 frilled lizards
  6 kobolds
  4 rats (D:2)
  5 spectral weapons
  6 tentacles
1560 creatures vanquished.

Vanquished Creatures (others)
  A nagaraja (Snake:4)
  A draconian knight (Depths:4)
  A naga mage (Snake:4)
  A water elemental (Shoals:2)
  A naga (Snake:1)
  8 tentacles
13 creatures vanquished.

Grand Total: 1573 creatures vanquished

Notes
Turn   | Place    | Note
-------+----------+-------------------------------------------
     0 | D:1      | qw the Gargoyle Fighter began the quest for the Orb.
     0 | D:1      | Reached XP level 1. HP: 14/14 MP: 1/1
     0 | D:1      | 0 ||| qw: Version: 0.2-a-101-gf424e7f
     0 | D:1      | 0 ||| qw: Game counter: 356
     0 | D:1      | 0 ||| qw: Always use a shield: true
     0 | D:1      | 0 ||| qw: God list: Okawaru
     0 | D:1      | 0 ||| qw: Allow faded altars: false
     0 | D:1      | 0 ||| qw: Do Orc after D:15 true
     0 | D:1      | 0 ||| qw: Do second Lair branch before Depths: true
     0 | D:1      | 0 ||| qw: Lair rune preference: random
     0 | D:1      | 0 ||| qw: Plans: Normal, Zot:1-4, Slime:5, God:TSO, Crypt,
                  | Tomb, Pan, Hells, Abyss, Win
     0 | D:1      | 0 ||| PLANNING D:1-11
   151 | D:1      | 151 ||| FLEEEEING.
   152 | D:1      | 152 ||| FLEEEEING.
   153 | D:1      | 153 ||| FLEEEEING.
   190 | D:1      | Reached XP level 2. HP: 19/19 MP: 2/2
   248 | D:1      | Found a faded altar of an unknown god.
   517 | D:1      | 517 ||| DROPPING orb of light.
   518 | D:1      | 518 ||| READING scroll labelled KEAS PIDEGANUCO.
   519 | D:1      | 519 ||| READING scroll labelled EQUEPR UTEUCUSIAL.
   520 | D:1      | 520 ||| READING scroll labelled MUC FO WYO.
   652 | D:2      | Reached skill level 3 in Axes
   713 | D:2      | Noticed Jessica
   718 | D:2      | 718 ||| Stepping ~*~*~tactically~*~*~ (hiding).
   722 | D:2      | Killed Jessica
   723 | D:2      | Reached XP level 3. HP: 23/23 MP: 3/3
   830 | D:2      | 830 ||| Stepping ~*~*~tactically~*~*~ (hiding).
   832 | D:2      | 832 ||| Stepping ~*~*~tactically~*~*~ (hiding).
   833 | D:2      | 833 ||| Stepping ~*~*~tactically~*~*~ (hiding).
   984 | D:2      | 984 ||| DROPPING +0 club.
  1185 | D:2      | Found Obbesumaffi's General Store.
  1195 | D:2      | Reached XP level 4. HP: 28/28 MP: 4/4
  1199 | D:2      | 1199 ||| SHOPLISTING +1 chain mail of the Stag {rElec
                  | Dex+4} (350 gold, have 68).
  1199 | D:2      | 1199 ||| SHOPLISTING +2 plate armour of poison resistance
                  | (407 gold, have 68).
  1199 | D:2      | 1199 ||| SHOPLISTING potion of mutation (88 gold, have 68).
  1199 | D:2      | 1199 ||| BUYING scroll of teleportation (33 gold).
  1199 | D:2      | Bought a scroll of teleportation for 33 gold pieces
  1265 | D:2      | Found Ocekimpao's Armour Shop.
  1278 | D:2      | 1278 ||| SHOPLISTING +0 helmet "Iwkile" {-Tele Rampage
                  | SInv} (113 gold, have 58).
  1278 | D:2      | 1278 ||| SHOPLISTING +0 plate armour (299 gold, have 58).
  1278 | D:2      | 1278 ||| SHOPLISTING +1 scale mail of willpower (208 gold,
                  | have 58).
  1278 | D:2      | 1278 ||| SHOPLISTING +2 pair of slick slippers {slick,
                  | slippery, EV+4} (497 gold, have 58).
  1278 | D:2      | 1278 ||| SHOPLISTING +3 plate armour of fire resistance
                  | (585 gold, have 58).
  1278 | D:2      | 1278 ||| SHOPLISTING +3 scale mail of cold resistance (338
                  | gold, have 58).
  1483 | D:2      | Found Behoc's Antique Armour Emporium.
  1492 | D:2      | 1492 ||| SHOPLISTING glowing hat (168 gold, have 58).
  1492 | D:2      | 1492 ||| SHOPLISTING glowing scale mail (168 gold, have
                  | 58).
  1507 | D:2      | 1507 ||| UPGRADING to +0 helmet.
  1512 | D:2      | 1512 ||| READING scroll labelled AJURIP RAYNOHA.
  1513 | D:2      | 1513 ||| READING scroll labelled NOOTSE FAUM.
  1514 | D:2      | 1514 ||| READING scroll labelled PAUNI DIESTRUHA.
  1515 | D:2      | 1515 ||| DRINKING 2 metallic brown potions.
  1589 | D:3      | 1589 ||| Stepping ~*~*~tactically~*~*~ (hiding).
  1699 | D:3      | 1699 ||| DROPPING +0 whip.
  1744 | D:3      | 1744 ||| Stepping ~*~*~tactically~*~*~ (stealth).
  1746 | D:3      | 1746 ||| Stepping ~*~*~tactically~*~*~ (stealth).
  1748 | D:3      | 1748 ||| Stepping ~*~*~tactically~*~*~ (stealth).
  1924 | D:3      | 1924 ||| Stepping ~*~*~tactically~*~*~ (stealth).
  2195 | D:3      | 2195 ||| UPGRADING to +0 chain mail.
  2205 | D:3      | 2205 ||| DROPPING +0 scale mail.
  2206 | D:3      | 2206 ||| UPGRADING to ring of protection from cold.
  2207 | D:3      | 2207 ||| READING scroll labelled JIMUGI QORUIGG.
  2208 | D:3      | 2208 ||| DRINKING 2 bubbling cyan potions.
  2220 | D:4      | 2220 ||| PLANNING SEWER
  2225 | D:4      | 2225 ||| READING scroll of enchant armour.
  2225 | D:4      | 2225 ||| ENCHANTING +0 helmet.
  2272 | D:4      | HP: 6/28 [iguana (2)]
  2273 | D:4      | 2273 ||| READING scroll of teleportation.
  2274 | D:4      | 2274 ||| DRINKING potion of heal wounds.
  2277 | D:4      | Reached XP level 5. HP: 23/32 MP: 5/5
  2459 | D:4      | Found a glowing drain.
  2460 | D:4      | 2460 ||| UPGRADING to +0 pair of boots.
  2465 | D:4      | 2465 ||| READING scroll labelled XOIS SUIKIA.
  2466 | D:4      | 2466 ||| READING scroll labelled RIFOKU DORUIM.
  2488 | Sewer    | Entered a sewer
  2494 | Sewer    | 2494 ||| Stepping ~*~*~tactically~*~*~ (stealth).
  2519 | Sewer    | 2519 ||| READING scroll of enchant armour.
  2519 | Sewer    | 2519 ||| ENCHANTING +1 helmet.
  2553 | Sewer    | Noticed a water moccasin
  2565 | Sewer    | Killed a water moccasin
  2566 | Sewer    | Reached XP level 6. HP: 39/39 MP: 6/6
  2596 | Sewer    | 2596 ||| READING scroll labelled DATOQEFFENT.
  2597 | Sewer    | 2597 ||| READING 2 scrolls of identify.
  2597 | Sewer    | 2597 ||| IDENTIFYING fizzy dark potion
  2615 | D:4      | 2615 ||| PLANNING D:1-11
  2628 | D:4      | 2628 ||| Stepping ~*~*~tactically~*~*~ (water).
  2667 | D:4      | Reached XP level 7. HP: 44/44 MP: 7/7
  2758 | D:4      | Reached skill level 6 in Axes
  2793 | D:4      | Reached skill level 1 in Dodging
  2852 | D:4      | 2852 ||| READING scroll labelled PUDANIJAQE.
  2863 | D:5      | Entered Level 5 of the Dungeon
  3091 | D:5      | HP: 3/44 [orc priest/divine providence (12)]
  3092 | D:5      | 3092 ||| READING scroll of teleportation.
  3205 | D:5      | 3205 ||| Stepping ~*~*~tactically~*~*~ (stealth).
  3235 | D:5      | 3235 ||| Stepping ~*~*~tactically~*~*~ (stealth).
  3244 | D:5      | 3244 ||| Stepping ~*~*~tactically~*~*~ (stealth).
  3571 | D:5      | Found a hazy altar of Hepliaklqana.
  3664 | D:5      | Reached XP level 8. HP: 50/50 MP: 8/8
  3672 | D:5      | Found a glowing silver altar of Zin.
  3711 | D:5      | Reached skill level 1 in Throwing
  3761 | D:5      | 3761 ||| Stepping ~*~*~tactically~*~*~ (hiding).
  3791 | D:5      | Noticed a slime creature
  3792 | D:5      | 3792 ||| Stepping ~*~*~tactically~*~*~ (stealth).
  3827 | D:5      | Reached skill level 4 in Armour
  3841 | D:5      | Killed a slime creature
  3842 | D:5      | Reached skill level 6 in Fighting
  4047 | D:5      | 4047 ||| DROPPING orb of wrath.
  4048 | D:5      | 4048 ||| READING scroll labelled ESISIU GOTOIDGH.
  4199 | D:6      | 4199 ||| FLEEEEING.
  4200 | D:6      | 4200 ||| FLEEEEING.
  4201 | D:6      | 4201 ||| FLEEEEING.
  4203 | D:6      | 4203 ||| FLEEEEING.
  4204 | D:6      | 4204 ||| FLEEEEING.
  4205 | D:6      | 4205 ||| FLEEEEING.
  4206 | D:6      | 4206 ||| STAIRDANCE
  4210 | D:6      | 4210 ||| STAIRDANCE
  4263 | D:6      | 4263 ||| STAIRDANCE
  4267 | D:6      | 4267 ||| STAIRDANCE
  4271 | D:6      | 4271 ||| STAIRDANCE
  4275 | D:6      | 4275 ||| STAIRDANCE
  4279 | D:6      | 4279 ||| STAIRDANCE
  4283 | D:6      | 4283 ||| STAIRDANCE
  4287 | D:6      | 4287 ||| STAIRDANCE
  4291 | D:6      | 4291 ||| STAIRDANCE
  4295 | D:6      | 4295 ||| STAIRDANCE
  4299 | D:6      | 4299 ||| STAIRDANCE
  4303 | D:6      | 4303 ||| STAIRDANCE
  4307 | D:6      | 4307 ||| STAIRDANCE
  4311 | D:6      | 4311 ||| STAIRDANCE
  4315 | D:6      | 4315 ||| STAIRDANCE
  4319 | D:6      | 4319 ||| STAIRDANCE
  4323 | D:6      | 4323 ||| STAIRDANCE
  4327 | D:6      | 4327 ||| STAIRDANCE
  4331 | D:6      | 4331 ||| STAIRDANCE
  4478 | D:6      | 4478 ||| READING 3 scrolls of brand weapon.
  4478 | D:6      | 4478 ||| BRANDING +1 war axe of venom.
  4479 | D:6      | 4479 ||| DROPPING +0 flail.
  4480 | D:6      | 4480 ||| READING 2 scrolls of brand weapon.
  4480 | D:6      | 4480 ||| BRANDING +1 war axe of flaming.
  4481 | D:6      | 4481 ||| READING scroll of brand weapon.
  4481 | D:6      | 4481 ||| BRANDING +1 war axe of freezing.
  4549 | D:6      | Reached XP level 9. HP: 56/56 MP: 9/9
  4557 | D:6      | Found a white marble altar of Elyvilon.
  4564 | D:6      | Reached skill level 9 in Axes
  4879 | D:6      | 4879 ||| UPGRADING to +4 ring of protection.
  4880 | D:6      | 4880 ||| READING 2 scrolls of identify.
  4880 | D:6      | 4880 ||| IDENTIFYING clear potion
  4946 | D:7      | 4946 ||| Stepping ~*~*~tactically~*~*~ (stealth).
  5005 | D:7      | Found a blossoming altar of Fedhas.
  5007 | D:7      | 5007 ||| DROPPING +0 club.
  5010 | D:7      | 5010 ||| DROPPING +0 flail.
  5154 | D:7      | Found a staircase to the Ecumenical Temple.
  5155 | D:7      | 5155 ||| PLANNING TEMPLE
  5163 | D:7      | Reached skill level 5 in Armour
  5285 | D:7      | 5285 ||| UPGRADING to amulet of reflection.
  5290 | D:7      | 5290 ||| READING 4 scrolls of identify.
  5290 | D:7      | 5290 ||| IDENTIFYING smoky amethyst potion
  5291 | D:7      | 5291 ||| READING 3 scrolls of identify.
  5291 | D:7      | 5291 ||| IDENTIFYING viscous ruby potion
  5292 | D:7      | 5292 ||| READING 2 scrolls of identify.
  5292 | D:7      | 5292 ||| IDENTIFYING purple potion
  5293 | D:7      | 5293 ||| DROPPING potion of invisibility.
  5294 | D:7      | 5294 ||| DROPPING potion of magic.
  5297 | Temple   | Entered the Ecumenical Temple
  5383 | Temple   | 5383 ||| PLANNING OKAWARU WORSHIP
  5497 | Temple   | Became a worshipper of Warmaster Okawaru
  5497 | Temple   | 5497 ||| PLANNING D:1-11
  5551 | D:7      | 5551 ||| FLEEEEING.
  5552 | D:7      | 5552 ||| FLEEEEING.
  5583 | D:7      | 5583 ||| Stepping ~*~*~tactically~*~*~ (stealth).
  5639 | D:7      | 5639 ||| Stepping ~*~*~tactically~*~*~ (stealth).
  5678 | D:7      | Found a shadowy altar of Dithmenos.
  5680 | D:7      | 5680 ||| Stepping ~*~*~tactically~*~*~ (hiding).
  5698 | D:7      | 5698 ||| Stepping ~*~*~tactically~*~*~ (hiding).
  5720 | D:7      | Reached * piety under Okawaru
  5794 | D:7      | 5794 ||| READING scroll of enchant armour.
  5794 | D:7      | 5794 ||| ENCHANTING +0 pair of boots.
  5821 | D:7      | Found a transporter.
  5821 | D:7      | Noticed a moth of wrath
  5823 | D:7      | Noticed qw's ghost (novice GrFi)
  5854 | D:7      | Found a transporter.
  5883 | D:7      | 5883 ||| Stepping ~*~*~tactically~*~*~ (stealth).
  5965 | D:7      | Found a bloodstained altar of Trog.
  6128 | D:7      | 6128 ||| Stepping ~*~*~tactically~*~*~ (stealth).
  6129 | D:7      | 6129 ||| Stepping ~*~*~tactically~*~*~ (stealth).
  6131 | D:7      | 6131 ||| Stepping ~*~*~tactically~*~*~ (hiding).
  6325 | D:7      | 6325 ||| UPGRADING to +0 kite shield.
  6335 | D:7      | 6335 ||| DROPPING +0 buckler.
  6336 | D:7      | 6336 ||| UPGRADING to +0 pair of gloves.
  6341 | D:7      | 6341 ||| UPGRADING to ring of see invisible.
  6388 | D:8      | 6388 ||| INVOKING Heroism.
  6396 | D:8      | Reached skill level 1 in Invocations
  6400 | D:8      | Noticed an unseen horror
  6412 | D:8      | Killed an unseen horror
  6413 | D:8      | Reached XP level 10. HP: 63/63 MP: 9/11
  6418 | D:8      | Reached skill level 3 in Invocations
  6466 | D:8      | Noticed Joseph
  6467 | D:8      | 6467 ||| Stepping ~*~*~tactically~*~*~ (hiding).
  6471 | D:8      | 6471 ||| Stepping ~*~*~tactically~*~*~ (hiding).
  6473 | D:8      | 6473 ||| Stepping ~*~*~tactically~*~*~ (hiding).
  6476 | D:8      | 6476 ||| INVOKING Heroism.
  6484 | D:8      | Killed Joseph
  6548 | D:8      | 6548 ||| READING scroll of enchant armour.
  6548 | D:8      | 6548 ||| ENCHANTING +0 pair of gloves.
  6616 | D:8      | 6616 ||| Stepping ~*~*~tactically~*~*~ (stealth).
  6621 | D:8      | Reached ** piety under Okawaru
  6622 | D:8      | Reached skill level 6 in Shields
  6643 | D:8      | 6643 ||| Stepping ~*~*~tactically~*~*~ (stealth).
  6657 | D:8      | 6657 ||| INVOKING Heroism.
  6672 | D:8      | 6672 ||| Stepping ~*~*~tactically~*~*~ (hiding).
  6683 | D:8      | Found a staircase to the Lair.
  6689 | D:8      | 6689 ||| Stepping ~*~*~tactically~*~*~ (stealth).
  6693 | D:8      | 6693 ||| Stepping ~*~*~tactically~*~*~ (stealth).
  6764 | D:8      | Found Fadghyori's Weapon Boutique.
  6772 | D:8      | Found Joimehun's Jewellery Emporium.
  6778 | D:8      | Noticed Maggie
  6779 | D:8      | 6779 ||| Stepping ~*~*~tactically~*~*~ (hiding).
  6780 | D:8      | 6780 ||| INVOKING Heroism.
  6788 | D:8      | Killed Maggie
  6857 | D:8      | 6857 ||| SWAPPING to +0 broad axe.
  6858 | D:8      | 6858 ||| DROPPING +1 heavy war axe.
  6872 | D:8      | Found Rujyaluwk's Antique Armour Boutique.
  6881 | D:8      | 6881 ||| BUYING glowing chain mail (195 gold).
  6881 | D:8      | Bought a glowing chain mail for 195 gold pieces
  6881 | D:8      | 6881 ||| SHOPLISTING glowing plate armour (676 gold, have
                  | 233).
  6890 | D:8      | Found Zude's Jewellery Shop.
  6898 | D:8      | 6898 ||| SHOPLISTING +4 ring of protection (468 gold, have
                  | 233).
  6898 | D:8      | 6898 ||| SHOPLISTING +5 ring of evasion (468 gold, have
                  | 233).
  6898 | D:8      | 6898 ||| SHOPLISTING ring of Springtime {rC+ Str+3 Int+6
                  | Dex+2 SInv} (841 gold, have 233).
  6898 | D:8      | 6898 ||| SHOPLISTING ring of resist corrosion (260 gold,
                  | have 233).
  6898 | D:8      | 6898 ||| SHOPLISTING ring of willpower (325 gold, have
                  | 233).
  6921 | D:8      | 6921 ||| SHOPLISTING +4 ring of protection (504 gold, have
                  | 233).
  6921 | D:8      | 6921 ||| SHOPLISTING amulet "Adoawkan" {Reflect rElec rC+
                  | rN+ Dex-3 SH+5} (684 gold, have 233).
  6921 | D:8      | 6921 ||| SHOPLISTING ring of fire (350 gold, have 233).
  6921 | D:8      | Found Nyuxkom's Jewellery Shop.
  6926 | D:8      | 6926 ||| SHOPLISTING +4 ring of slaying (1014 gold, have
                  | 233).
  6926 | D:8      | 6926 ||| SHOPLISTING +5 ring of evasion (468 gold, have
                  | 233).
  6926 | D:8      | 6926 ||| SHOPLISTING +6 ring of dexterity (468 gold, have
                  | 233).
  6926 | D:8      | 6926 ||| SHOPLISTING ring of positive energy (260 gold,
                  | have 233).
  6943 | D:8      | Noticed Maurice
  6944 | D:8      | 6944 ||| Stepping ~*~*~tactically~*~*~ (hiding).
  6963 | D:8      | 6963 ||| INVOKING Heroism.
  6964 | D:8      | Killed Maurice
  6965 | D:8      | Reached skill level 9 in Shields
  7161 | D:8      | 7161 ||| PLANNING LAIR
  7161 | D:8      | 7161 ||| UPGRADING to +0 plate armour.
  7171 | D:8      | 7171 ||| DROPPING +0 chain mail.
  7172 | D:8      | 7172 ||| UPGRADING to +2 chain mail of fire resistance.
  7182 | D:8      | 7182 ||| UPGRADING to +0 cloak.
  7187 | D:8      | 7187 ||| DROPPING amulet of faith.
  7188 | D:8      | 7188 ||| READING scroll labelled KEACLU USIRCHAE.
  7189 | D:8      | 7189 ||| READING 2 scrolls of identify.
  7189 | D:8      | 7189 ||| IDENTIFYING inky potion
  7218 | Lair:1   | Entered Level 1 of the Lair of Beasts
  7227 | Lair:1   | Found a dark tunnel.
  7306 | Lair:1   | Reached skill level 6 in Armour
  7328 | Lair:1   | Noticed a black mamba
  7329 | Lair:1   | 7329 ||| INVOKING Heroism.
  7345 | Lair:1   | Killed a black mamba
  7346 | Lair:1   | Reached XP level 11. HP: 64/68 MP: 14/14
  7404 | Lair:1   | Noticed a boulder beetle
  7414 | Lair:1   | 7414 ||| INVOKING Heroism.
  7433 | Lair:1   | Killed a boulder beetle
  7433 | Lair:1   | Reached *** piety under Okawaru
  7572 | Lair:1   | 7572 ||| INVOKING Heroism.
  7645 | Lair:1   | 7645 ||| Stepping ~*~*~tactically~*~*~ (stealth).
  7663 | Lair:1   | 7663 ||| INVOKING Heroism.
  7695 | Lair:1   | 7695 ||| INVOKING Heroism.
  7756 | Lair:1   | 7756 ||| INVOKING Heroism.
  7762 | Lair:1   | Reached skill level 7 in Armour
  7821 | Lair:1   | 7821 ||| READING scroll of enchant weapon.
  7821 | Lair:1   | 7821 ||| ENCHANTING +0 broad axe.
  7868 | Lair:1   | 7868 ||| INVOKING Heroism.
  8047 | Lair:1   | 8047 ||| READING scroll labelled JUM PADITT.
  8048 | Lair:1   | 8048 ||| READING scroll labelled TOCRORROBRU.
  8049 | Lair:1   | 8049 ||| DRINKING 3 green potions.
  8050 | Lair:1   | 8050 ||| DRINKING 2 potions of curing.
  8050 | Lair:1   | 8050 ||| (to cure confusion)
  8051 | Lair:1   | 8051 ||| DROPPING 2 potions of ambrosia.
  8069 | Lair:2   | 8069 ||| Stepping ~*~*~tactically~*~*~ (stealth).
  8092 | Lair:2   | 8092 ||| INVOKING Heroism.
  8142 | Lair:2   | 8142 ||| FLEEEEING.
  8145 | Lair:2   | 8145 ||| STAIRDANCE
  8214 | Lair:2   | 8214 ||| INVOKING Heroism.
  8359 | Lair:2   | 8359 ||| INVOKING Heroism.
  8401 | Lair:2   | 8401 ||| Stepping ~*~*~tactically~*~*~ (stealth).
  8407 | Lair:2   | 8407 ||| INVOKING Heroism.
  8417 | Lair:2   | Reached skill level 9 in Fighting
  8442 | Lair:2   | 8442 ||| INVOKING Heroism.
  8445 | Lair:2   | Reached **** piety under Okawaru
  8451 | Lair:2   | Reached XP level 12. HP: 31/76 MP: 13/15
  8453 | Lair:2   | Reached skill level 12 in Axes
  8471 | Lair:2   | 8471 ||| INVOKING Heroism.
  8488 | Lair:2   | Reached skill level 8 in Armour
  8749 | Lair:2   | Reached skill level 6 in Invocations
  8822 | Lair:2   | 8822 ||| INVOKING Heroism.
  8830 | Lair:2   | Reached ***** piety under Okawaru
  8989 | Lair:2   | Identified the +8 hand axe of the Mashing Firefly {heavy,
                  | rElec rPois rC-}
  9107 | Lair:2   | Found a staircase to the Snake Pit.
  9372 | Lair:2   | 9372 ||| READING 3 scrolls of identify.
  9372 | Lair:2   | 9372 ||| IDENTIFYING pink potion
  9373 | Lair:2   | 9373 ||| READING 2 scrolls of identify.
  9373 | Lair:2   | 9373 ||| IDENTIFYING silvery potion
  9374 | Lair:2   | 9374 ||| DROPPING potion of brilliance.
  9385 | Lair:3   | 9385 ||| Stepping ~*~*~tactically~*~*~ (stealth).
  9487 | Lair:3   | 9487 ||| INVOKING Heroism.
  9701 | Lair:3   | 9701 ||| INVOKING Heroism.
  9814 | Lair:3   | Found a staircase to the Shoals.
  9838 | Lair:3   | 9838 ||| Stepping ~*~*~tactically~*~*~ (stealth).
  9865 | Lair:3   | 9865 ||| INVOKING Heroism.
  9868 | Lair:3   | Identified the +3 ring mail of Bad Feelings {Harm rPois
                  | rCorr Dex-4} (Okawaru gifted it to you on level 3 of the
                  | Lair of Beasts)
  9868 | Lair:3   | Received a gift from Okawaru
 10082 | Lair:3   | 10082 ||| Stepping ~*~*~tactically~*~*~ (stealth).
 10262 | Lair:3   | 10262 ||| INVOKING Heroism.
 10423 | Lair:3   | 10423 ||| INVOKING Heroism.
 10736 | Lair:4   | 10736 ||| STAIRDANCE
 10836 | Lair:3   | 10836 ||| INVOKING Heroism.
 10847 | Lair:3   | Reached skill level 9 in Invocations
 10859 | Lair:3   | 10859 ||| Stepping ~*~*~tactically~*~*~ (stealth).
 10872 | Lair:3   | Reached XP level 13. HP: 64/82 MP: 19/19
 11010 | Lair:4   | 11010 ||| READING scroll of enchant weapon.
 11010 | Lair:4   | 11010 ||| ENCHANTING +1 broad axe.
 11020 | Lair:4   | 11020 ||| INVOKING Heroism.
 11077 | Lair:4   | 11077 ||| INVOKING Heroism.
 11186 | Lair:4   | 11186 ||| INVOKING Heroism.
 11192 | Lair:4   | 11192 ||| SWAPPING to +2 morningstar.
 11201 | Lair:4   | 11201 ||| SWAPPING to +2 broad axe.
 11239 | Lair:4   | 11239 ||| Stepping ~*~*~tactically~*~*~ (stealth).
 11346 | Lair:4   | 11346 ||| Stepping ~*~*~tactically~*~*~ (stealth).
 11347 | Lair:4   | 11347 ||| INVOKING Heroism.
 11657 | Lair:4   | 11657 ||| INVOKING Heroism.
 11673 | Lair:4   | 11673 ||| Stepping ~*~*~tactically~*~*~ (stealth).
 11678 | Lair:4   | 11678 ||| SWAPPING to +2 morningstar.
 11688 | Lair:4   | 11688 ||| SWAPPING to +2 broad axe.
 11916 | Lair:4   | 11916 ||| Stepping ~*~*~tactically~*~*~ (stealth).
 11918 | Lair:4   | 11918 ||| INVOKING Heroism.
 11922 | Lair:4   | 11922 ||| SWAPPING to +2 morningstar.
 11927 | Lair:4   | 11927 ||| SWAPPING to +2 broad axe.
 12027 | Lair:4   | 12027 ||| READING 3 scrolls of identify.
 12027 | Lair:4   | 12027 ||| IDENTIFYING bubbling emerald potion
 12028 | Lair:4   | 12028 ||| DROPPING potion of degeneration.
 12052 | Lair:5   | Entered Level 5 of the Lair of Beasts
 12059 | Lair:5   | Received a gift from Okawaru
 12061 | Lair:5   | Reached skill level 9 in Armour
 12113 | Lair:5   | 12113 ||| Stepping ~*~*~tactically~*~*~ (stealth).
 12122 | Lair:5   | 12122 ||| INVOKING Heroism.
 12166 | Lair:5   | 12166 ||| Stepping ~*~*~tactically~*~*~ (stealth).
 12167 | Lair:5   | 12167 ||| Stepping ~*~*~tactically~*~*~ (stealth).
 12186 | Lair:5   | 12186 ||| INVOKING Heroism.
 12192 | Lair:5   | 12192 ||| Stepping ~*~*~tactically~*~*~ (stealth).
 12197 | Lair:5   | 12197 ||| Stepping ~*~*~tactically~*~*~ (stealth).
 12209 | Lair:5   | 12209 ||| Stepping ~*~*~tactically~*~*~ (stealth).
 12244 | Lair:5   | 12244 ||| Stepping ~*~*~tactically~*~*~ (stealth).
 12245 | Lair:5   | 12245 ||| INVOKING Heroism.
 12260 | Lair:5   | Received a gift from Okawaru
 12351 | Lair:5   | 12351 ||| Stepping ~*~*~tactically~*~*~ (stealth).
 12385 | Lair:5   | 12385 ||| Stepping ~*~*~tactically~*~*~ (stealth).
 12386 | Lair:5   | 12386 ||| Stepping ~*~*~tactically~*~*~ (stealth).
 12387 | Lair:5   | 12387 ||| Stepping ~*~*~tactically~*~*~ (stealth).
 12426 | Lair:5   | 12426 ||| INVOKING Heroism.
 12538 | Lair:5   | 12538 ||| READING scroll of enchant armour.
 12538 | Lair:5   | 12538 ||| ENCHANTING +1 pair of gloves.
 12549 | Lair:5   | 12549 ||| INVOKING Heroism.
 12584 | Lair:5   | 12584 ||| Stepping ~*~*~tactically~*~*~ (stealth).
 12586 | Lair:5   | 12586 ||| Stepping ~*~*~tactically~*~*~ (stealth).
 12588 | Lair:5   | 12588 ||| Stepping ~*~*~tactically~*~*~ (stealth).
 12590 | Lair:5   | 12590 ||| Stepping ~*~*~tactically~*~*~ (stealth).
 12600 | Lair:5   | 12600 ||| INVOKING Heroism.
 12615 | Lair:5   | 12615 ||| Stepping ~*~*~tactically~*~*~ (hiding).
 12650 | Lair:5   | 12650 ||| Stepping ~*~*~tactically~*~*~ (stealth).
 12656 | Lair:5   | 12656 ||| INVOKING Heroism.
 12669 | Lair:5   | Gained mutation: Your large and strong wings let you fly.
                  | [Gargoyle growth]
 12669 | Lair:5   | Reached XP level 14. HP: 69/90 MP: 21/21
 13006 | Lair:5   | Reached skill level 12 in Shields
 13074 | Lair:5   | 13074 ||| Stepping ~*~*~tactically~*~*~ (stealth).
 13203 | Lair:5   | 13203 ||| INVOKING Heroism.
 13361 | Lair:5   | 13361 ||| FLEEEEING.
 13362 | Lair:5   | 13362 ||| FLEEEEING.
 13363 | Lair:5   | 13363 ||| FLEEEEING.
 13364 | Lair:5   | 13364 ||| FLEEEEING.
 13365 | Lair:5   | 13365 ||| FLEEEEING.
 13366 | Lair:5   | 13366 ||| FLEEEEING.
 13367 | Lair:5   | 13367 ||| FLEEEEING.
 13368 | Lair:5   | 13368 ||| FLEEEEING.
 13369 | Lair:5   | 13369 ||| FLEEEEING.
 13370 | Lair:5   | 13370 ||| FLEEEEING.
 13371 | Lair:5   | 13371 ||| FLEEEEING.
 13372 | Lair:5   | 13372 ||| FLEEEEING.
 13373 | Lair:5   | 13373 ||| FLEEEEING.
 13374 | Lair:5   | 13374 ||| FLEEEEING.
 13375 | Lair:5   | 13375 ||| FLEEEEING.
 13376 | Lair:5   | 13376 ||| FLEEEEING.
 13377 | Lair:5   | 13377 ||| FLEEEEING.
 13378 | Lair:5   | 13378 ||| FLEEEEING.
 13379 | Lair:5   | 13379 ||| FLEEEEING.
 13380 | Lair:5   | 13380 ||| FLEEEEING.
 13381 | Lair:5   | 13381 ||| FLEEEEING.
 13382 | Lair:5   | 13382 ||| FLEEEEING.
 13383 | Lair:5   | 13383 ||| FLEEEEING.
 13384 | Lair:5   | 13384 ||| FLEEEEING.
 13385 | Lair:5   | 13385 ||| FLEEEEING.
 13386 | Lair:5   | 13386 ||| FLEEEEING.
 13387 | Lair:5   | 13387 ||| FLEEEEING.
 13388 | Lair:5   | 13388 ||| FLEEEEING.
 13389 | Lair:5   | 13389 ||| FLEEEEING.
 13390 | Lair:5   | 13390 ||| FLEEEEING.
 13391 | Lair:5   | 13391 ||| FLEEEEING.
 13392 | Lair:5   | 13392 ||| FLEEEEING.
 13394 | Lair:5   | 13394 ||| FLEEEEING.
 13395 | Lair:5   | 13395 ||| FLEEEEING.
 13396 | Lair:5   | 13396 ||| FLEEEEING.
 13397 | Lair:5   | 13397 ||| FLEEEEING.
 13398 | Lair:5   | 13398 ||| FLEEEEING.
 13399 | Lair:5   | 13399 ||| FLEEEEING.
 13400 | Lair:5   | 13400 ||| FLEEEEING.
 13401 | Lair:5   | 13401 ||| FLEEEEING.
 13402 | Lair:5   | 13402 ||| FLEEEEING.
 13403 | Lair:5   | 13403 ||| FLEEEEING.
 13404 | Lair:5   | 13404 ||| FLEEEEING.
 13405 | Lair:5   | 13405 ||| FLEEEEING.
 13406 | Lair:5   | 13406 ||| FLEEEEING.
 13407 | Lair:5   | 13407 ||| FLEEEEING.
 13408 | Lair:5   | 13408 ||| FLEEEEING.
 13409 | Lair:5   | 13409 ||| FLEEEEING.
 13410 | Lair:5   | 13410 ||| FLEEEEING.
 13411 | Lair:5   | 13411 ||| STAIRDANCE
 13415 | Lair:5   | 13415 ||| STAIRDANCE
 13417 | Lair:4   | 13417 ||| INVOKING Heroism.
 13463 | Lair:5   | 13463 ||| INVOKING Heroism.
 13464 | Lair:5   | 13464 ||| Stepping ~*~*~tactically~*~*~ (hiding).
 13465 | Lair:5   | 13465 ||| Stepping ~*~*~tactically~*~*~ (hiding).
 13466 | Lair:5   | 13466 ||| Stepping ~*~*~tactically~*~*~ (hiding).
 13467 | Lair:5   | 13467 ||| INVOKING Finesse.
 13579 | Lair:5   | Found a staircase to the Slime Pits.
 13735 | Lair:5   | 13735 ||| PLANNING D:1-11
 13979 | D:9      | 13979 ||| Stepping ~*~*~tactically~*~*~ (hiding).
 14126 | D:9      | 14126 ||| Stepping ~*~*~tactically~*~*~ (hiding).
 14131 | D:9      | 14131 ||| FLEEEEING.
 14231 | D:9      | Noticed Erolcha
 14232 | D:9      | 14232 ||| Stepping ~*~*~tactically~*~*~ (hiding).
 14235 | D:9      | 14235 ||| INVOKING Heroism.
 14243 | D:9      | Killed Erolcha
 14270 | D:9      | Found a runed translucent door.
 14273 | D:9      | Noticed qw's ghost (novice GrCA)
 14273 | D:9      | Identified the +9 trident "Bydaciec" {pain, rCorr Str+3}
 14477 | D:9      | 14477 ||| Stepping ~*~*~tactically~*~*~ (hiding).
 14602 | D:9      | Found an opulent altar of Gozag.
 14713 | D:9      | 14713 ||| READING scroll of enchant weapon.
 14713 | D:9      | 14713 ||| ENCHANTING +2 broad axe.
 14933 | D:9      | 14933 ||| DROPPING amulet of regeneration.
 14943 | D:10     | Entered Level 10 of the Dungeon
 15064 | D:10     | 15064 ||| Stepping ~*~*~tactically~*~*~ (stealth).
 15077 | D:10     | Reached skill level 15 in Axes
 15295 | D:10     | 15295 ||| Stepping ~*~*~tactically~*~*~ (stealth).
 15345 | D:10     | 15345 ||| READING scroll of enchant weapon.
 15345 | D:10     | 15345 ||| ENCHANTING +3 broad axe.
 15614 | D:10     | 15614 ||| READING scroll labelled HEBRYA KIFO.
 15793 | D:11     | 15793 ||| Stepping ~*~*~tactically~*~*~ (hiding).
 15793 | D:11     | Found a staircase to the Orcish Mines.
 15917 | D:11     | 15917 ||| Stepping ~*~*~tactically~*~*~ (stealth).
 16070 | D:11     | 16070 ||| FLEEEEING.
 16077 | D:11     | 16077 ||| FLEEEEING.
 16078 | D:11     | 16078 ||| FLEEEEING.
 16079 | D:11     | 16079 ||| FLEEEEING.
 16080 | D:11     | 16080 ||| FLEEEEING.
 16093 | D:11     | 16093 ||| Stepping ~*~*~tactically~*~*~ (hiding).
 16263 | D:11     | 16263 ||| Stepping ~*~*~tactically~*~*~ (stealth).
 16264 | D:11     | Identified the ring "Faschaq" {MP+9 Dex+2}
 16265 | D:11     | 16265 ||| Stepping ~*~*~tactically~*~*~ (hiding).
 16290 | D:11     | 16290 ||| FLEEEEING.
 16291 | D:11     | 16291 ||| FLEEEEING.
 16292 | D:11     | 16292 ||| FLEEEEING.
 16293 | D:11     | 16293 ||| FLEEEEING.
 16310 | D:11     | 16310 ||| Stepping ~*~*~tactically~*~*~ (hiding).
 16321 | D:11     | Received a gift from Okawaru
 16322 | D:11     | Reached skill level 10 in Armour
 16348 | D:11     | Identified the +1 pair of boots "Xaun" {Str+2}
 16617 | D:11     | 16617 ||| Stepping ~*~*~tactically~*~*~ (hiding).
 16619 | D:11     | 16619 ||| INVOKING Heroism.
 16620 | D:11     | 16620 ||| INVOKING Finesse.
 16887 | D:11     | 16887 ||| PLANNING D
 16887 | D:11     | 16887 ||| DROPPING +3 ring mail of Bad Feelings {Harm rPois
                  | rCorr Dex-4}.
 16888 | D:11     | 16888 ||| UPGRADING to +1 pair of boots "Xaun" {Str+2}.
 16898 | D:11     | 16898 ||| DROPPING +1 pair of boots.
 16935 | D:12     | 16935 ||| INVOKING Heroism.
 16952 | D:12     | 16952 ||| Stepping ~*~*~tactically~*~*~ (stealth).
 16954 | D:12     | 16954 ||| Stepping ~*~*~tactically~*~*~ (stealth).
 16955 | D:12     | 16955 ||| Stepping ~*~*~tactically~*~*~ (stealth).
 16963 | D:12     | Reached skill level 3 in Dodging
 16978 | D:12     | 16978 ||| Stepping ~*~*~tactically~*~*~ (stealth).
 16979 | D:12     | 16979 ||| Stepping ~*~*~tactically~*~*~ (stealth).
 16980 | D:12     | 16980 ||| Stepping ~*~*~tactically~*~*~ (stealth).
 17089 | D:12     | 17089 ||| Stepping ~*~*~tactically~*~*~ (stealth).
 17197 | D:12     | 17197 ||| Stepping ~*~*~tactically~*~*~ (hiding).
 17199 | D:12     | 17199 ||| Stepping ~*~*~tactically~*~*~ (hiding).
 17206 | D:12     | 17206 ||| Stepping ~*~*~tactically~*~*~ (stealth).
 17209 | D:12     | 17209 ||| Stepping ~*~*~tactically~*~*~ (stealth).
 17211 | D:12     | 17211 ||| Stepping ~*~*~tactically~*~*~ (stealth).
 17212 | D:12     | 17212 ||| Stepping ~*~*~tactically~*~*~ (stealth).
 17213 | D:12     | 17213 ||| Stepping ~*~*~tactically~*~*~ (stealth).
 17291 | D:12     | 17291 ||| INVOKING Heroism.
 17537 | D:12     | 17537 ||| Stepping ~*~*~tactically~*~*~ (hiding).
 17655 | D:12     | 17655 ||| DROPPING ring "Faschaq" {MP+9 Dex+2}.
 17656 | D:12     | 17656 ||| READING 10 scrolls of identify.
 17656 | D:12     | 17656 ||| IDENTIFYING murky puce potion
 17657 | D:12     | 17657 ||| DROPPING potion of flight.
 17713 | D:13     | 17713 ||| Stepping ~*~*~tactically~*~*~ (hiding).
 17723 | D:13     | Reached skill level 3 in Throwing
 17723 | D:13     | 17723 ||| Stepping ~*~*~tactically~*~*~ (hiding).
 17946 | D:13     | 17946 ||| INVOKING Heroism.
 17971 | D:13     | 17971 ||| Stepping ~*~*~tactically~*~*~ (stealth).
 18010 | D:13     | 18010 ||| INVOKING Heroism.
 18053 | D:13     | Found a transporter.
 18054 | D:13     | Noticed Xeymp's ghost (journeyman SpEn)
 18071 | D:13     | Found a transporter.
 18165 | D:13     | 18165 ||| INVOKING Heroism.
 18169 | D:13     | 18169 ||| SWAPPING to +2 morningstar.
 18177 | D:13     | Reached skill level 12 in Fighting
 18177 | D:13     | 18177 ||| SWAPPING to +4 broad axe.
 18306 | D:13     | 18306 ||| INVOKING Heroism.
 18346 | D:13     | 18346 ||| INVOKING Heroism.
 18466 | D:13     | 18466 ||| INVOKING Heroism.
 18483 | D:13     | Reached XP level 15. HP: 73/96 MP: 22/22
 18868 | D:13     | 18868 ||| DROPPING ring of positive energy.
 19050 | D:14     | 19050 ||| INVOKING Heroism.
 19158 | D:14     | 19158 ||| INVOKING Heroism.
 19394 | D:14     | 19394 ||| Stepping ~*~*~tactically~*~*~ (hiding).
 19396 | D:14     | 19396 ||| Stepping ~*~*~tactically~*~*~ (hiding).
 19527 | D:14     | Noticed Azrael
 19528 | D:14     | 19528 ||| INVOKING Heroism.
 19545 | D:14     | Killed Azrael
 19557 | D:14     | 19557 ||| INVOKING Heroism.
 19583 | D:14     | Received a gift from Okawaru
 19656 | D:14     | 19656 ||| FLEEEEING.
 19657 | D:14     | 19657 ||| FLEEEEING.
 19658 | D:14     | 19658 ||| FLEEEEING.
 19665 | D:14     | 19665 ||| FLEEEEING.
 19666 | D:14     | 19666 ||| FLEEEEING.
 19667 | D:14     | 19667 ||| FLEEEEING.
 19668 | D:14     | 19668 ||| FLEEEEING.
 19671 | D:14     | 19671 ||| FLEEEEING.
 19672 | D:14     | 19672 ||| FLEEEEING.
 19673 | D:14     | 19673 ||| FLEEEEING.
 19674 | D:14     | 19674 ||| FLEEEEING.
 19675 | D:14     | 19675 ||| FLEEEEING.
 19676 | D:14     | 19676 ||| FLEEEEING.
 19677 | D:14     | 19677 ||| FLEEEEING.
 19678 | D:14     | 19678 ||| FLEEEEING.
 19679 | D:14     | 19679 ||| FLEEEEING.
 19680 | D:14     | 19680 ||| FLEEEEING.
 19681 | D:14     | 19681 ||| FLEEEEING.
 19682 | D:14     | 19682 ||| FLEEEEING.
 19780 | D:14     | Found Obras Taleco's Antique Weapon Shoppe.
 19837 | D:14     | 19837 ||| Stepping ~*~*~tactically~*~*~ (hiding).
 19853 | D:14     | 19853 ||| Stepping ~*~*~tactically~*~*~ (stealth).
 19854 | D:14     | 19854 ||| INVOKING Heroism.
 19855 | D:14     | 19855 ||| SWAPPING to +2 morningstar.
 19856 | D:14     | 19856 ||| INVOKING Finesse.
 19865 | D:14     | 19865 ||| SWAPPING to +4 broad axe.
 19998 | D:14     | Found a gate to the Vaults.
 20227 | D:15     | Entered Level 15 of the Dungeon
 20228 | D:15     | Noticed Agnes
 20229 | D:15     | 20229 ||| INVOKING Heroism.
 20243 | D:15     | Killed Agnes
 20243 | D:15     | Received a gift from Okawaru
 20267 | D:15     | 20267 ||| Stepping ~*~*~tactically~*~*~ (stealth).
 20268 | D:15     | 20268 ||| Stepping ~*~*~tactically~*~*~ (hiding).
 20284 | D:15     | 20284 ||| Stepping ~*~*~tactically~*~*~ (hiding).
 20350 | D:15     | 20350 ||| FLEEEEING.
 20352 | D:15     | 20352 ||| STAIRDANCE
 20399 | D:15     | 20399 ||| Stepping ~*~*~tactically~*~*~ (hiding).
 20432 | D:15     | 20432 ||| Stepping ~*~*~tactically~*~*~ (hiding).
 20433 | D:15     | 20433 ||| Stepping ~*~*~tactically~*~*~ (hiding).
 20571 | D:15     | 20571 ||| Stepping ~*~*~tactically~*~*~ (hiding).
 20572 | D:15     | 20572 ||| Stepping ~*~*~tactically~*~*~ (hiding).
 20573 | D:15     | 20573 ||| Stepping ~*~*~tactically~*~*~ (hiding).
 20589 | D:15     | 20589 ||| FLEEEEING.
 20591 | D:15     | 20591 ||| STAIRDANCE
 20673 | D:14     | 20673 ||| UPGRADING to +2 kite shield.
 20683 | D:14     | 20683 ||| DROPPING +0 kite shield.
 20686 | D:15     | 20686 ||| Stepping ~*~*~tactically~*~*~ (hiding).
 20754 | D:15     | 20754 ||| Stepping ~*~*~tactically~*~*~ (hiding).
 20847 | D:15     | 20847 ||| INVOKING Heroism.
 20867 | D:15     | Reached skill level 6 in Throwing
 20895 | D:15     | Received a gift from Okawaru
 20933 | D:15     | 20933 ||| FLEEEEING.
 20954 | D:15     | 20954 ||| INVOKING Heroism.
 21097 | D:15     | Found a sparkling altar of Nemelex Xobeh.
 21172 | D:15     | 21172 ||| Stepping ~*~*~tactically~*~*~ (hiding).
 21178 | D:15     | 21178 ||| INVOKING Heroism.
 21179 | D:15     | 21179 ||| SWAPPING to +2 morningstar.
 21186 | D:15     | 21186 ||| SWAPPING to +4 broad axe.
 21199 | D:15     | Noticed Louise
 21233 | D:15     | 21233 ||| INVOKING Heroism.
 21239 | D:15     | Killed Louise
 21332 | D:15     | Found a staircase to the Depths.
 21439 | D:15     | 21439 ||| Stepping ~*~*~tactically~*~*~ (hiding).
 21440 | D:15     | 21440 ||| INVOKING Heroism.
 21794 | D:15     | 21794 ||| PLANNING ORC
 21794 | D:15     | 21794 ||| DROPPING +2 helmet.
 21795 | D:15     | 21795 ||| UPGRADING to +0 tower shield.
 21805 | D:15     | 21805 ||| DROPPING +2 kite shield.
 21930 | Orc:1    | Entered Level 1 of the Orcish Mines
 21953 | Orc:1    | Received a gift from Okawaru
 22035 | Orc:1    | 22035 ||| Stepping ~*~*~tactically~*~*~ (stealth).
 22275 | Orc:2    | Entered Level 2 of the Orcish Mines
 22284 | Orc:2    | 22284 ||| Stepping ~*~*~tactically~*~*~ (hiding).
 22287 | Orc:2    | 22287 ||| INVOKING Heroism.
 22297 | Orc:2    | Noticed Rupert
 22315 | Orc:2    | Paralysed by Rupert for 2 turns
 22327 | Orc:2    | Killed Rupert
 22381 | Orc:2    | 22381 ||| Stepping ~*~*~tactically~*~*~ (stealth).
 22382 | Orc:2    | 22382 ||| Stepping ~*~*~tactically~*~*~ (stealth).
 22384 | Orc:2    | 22384 ||| Stepping ~*~*~tactically~*~*~ (stealth).
 22396 | Orc:2    | 22396 ||| INVOKING Heroism.
 22397 | Orc:2    | Received a gift from Okawaru
 22421 | Orc:2    | 22421 ||| Stepping ~*~*~tactically~*~*~ (hiding).
 22433 | Orc:2    | 22433 ||| Stepping ~*~*~tactically~*~*~ (hiding).
 22434 | Orc:2    | 22434 ||| Stepping ~*~*~tactically~*~*~ (hiding).
 22435 | Orc:2    | 22435 ||| Stepping ~*~*~tactically~*~*~ (hiding).
 22436 | Orc:2    | 22436 ||| Stepping ~*~*~tactically~*~*~ (hiding).
 22437 | Orc:2    | 22437 ||| Stepping ~*~*~tactically~*~*~ (hiding).
 22473 | Orc:2    | 22473 ||| FLEEEEING.
 22477 | Orc:2    | 22477 ||| FLEEEEING.
 22480 | Orc:2    | 22480 ||| FLEEEEING.
 22481 | Orc:2    | 22481 ||| FLEEEEING.
 22482 | Orc:2    | 22482 ||| FLEEEEING.
 22484 | Orc:2    | 22484 ||| FLEEEEING.
 22485 | Orc:2    | 22485 ||| STAIRDANCE
 22658 | Orc:2    | Reached XP level 16. HP: 101/101 MP: 23/23
 22702 | Orc:2    | 22702 ||| Stepping ~*~*~tactically~*~*~ (stealth).
 22706 | Orc:2    | 22706 ||| INVOKING Heroism.
 22715 | Orc:2    | Received a gift from Okawaru
 22891 | Orc:2    | Found a runed translucent door.
 22891 | Orc:2    | Noticed qw's ghost (adept GrFi)
 22947 | Orc:2    | 22947 ||| INVOKING Heroism.
 22949 | Orc:2    | 22949 ||| Stepping ~*~*~tactically~*~*~ (hiding).
 23044 | Orc:2    | Found a staircase to the Elven Halls.
 23090 | Orc:2    | Found Iceng's Assorted Antiques.
 23090 | Orc:2    | Found Eciu's Antique Armour Emporium.
 23090 | Orc:2    | Found Maus's General Store.
 23094 | Orc:2    | Found Fejod's Weapon Shop.
 23098 | Orc:2    | 23098 ||| BUYING glowing war axe (175 gold).
 23098 | Orc:2    | Bought a glowing war axe for 175 gold pieces
 23098 | Orc:2    | 23098 ||| DROPPING +1 war axe of freezing.
 23100 | Orc:2    | 23100 ||| BUYING glowing plate armour (858 gold).
 23100 | Orc:2    | Bought a glowing plate armour for 858 gold pieces
 23102 | Orc:2    | 23102 ||| BUYING potion of haste (100 gold).
 23102 | Orc:2    | Bought a potion of haste for 100 gold pieces
 23107 | Orc:2    | 23107 ||| SHOPLISTING +7 flail of Nijogge {drain, rC+++
                  | Will++} (1070 gold, have 613).
 23129 | Orc:2    | 23129 ||| PLANNING SNAKE:1-3
 23129 | Orc:2    | 23129 ||| DROPPING +0 plate armour.
 23130 | Orc:2    | 23130 ||| UPGRADING to +3 plate armour.
 23140 | Orc:2    | 23140 ||| DROPPING +3 plate armour of poison resistance.
 23327 | Snake:1  | Entered Level 1 of the Snake Pit
 23337 | Snake:1  | 23337 ||| INVOKING Heroism.
 23644 | Snake:1  | 23644 ||| INVOKING Heroism.
 23647 | Snake:1  | 23647 ||| Stepping ~*~*~tactically~*~*~ (hiding).
 23685 | Snake:1  | 23685 ||| Stepping ~*~*~tactically~*~*~ (hiding).
 23686 | Snake:1  | 23686 ||| Stepping ~*~*~tactically~*~*~ (hiding).
 23773 | Snake:1  | Reached skill level 15 in Shields
 23947 | Snake:1  | 23947 ||| Stepping ~*~*~tactically~*~*~ (hiding).
 24011 | Snake:1  | 24011 ||| INVOKING Heroism.
 24022 | Snake:1  | 24022 ||| Stepping ~*~*~tactically~*~*~ (stealth).
 24025 | Snake:1  | 24025 ||| Stepping ~*~*~tactically~*~*~ (stealth).
 24239 | Snake:1  | 24239 ||| Stepping ~*~*~tactically~*~*~ (hiding).
 24491 | Snake:1  | 24491 ||| READING scroll of enchant armour.
 24491 | Snake:1  | 24491 ||| ENCHANTING +0 cloak.
 24601 | Snake:1  | 24601 ||| Stepping ~*~*~tactically~*~*~ (hiding).
 25002 | Snake:1  | 25002 ||| DROPPING +6 ring of strength.
 25003 | Snake:1  | 25003 ||| UPGRADING to +5 ring of evasion.
 25005 | Snake:1  | 25005 ||| DROPPING ring of see invisible.
 25036 | Snake:2  | 25036 ||| INVOKING Heroism.
 25136 | Snake:2  | Found Curoebriwn's Assorted Antiques.
 25136 | Snake:2  | Found Hikaiqu's Magic Scroll Emporium.
 25152 | Snake:2  | Found Efagh's Antique Weapon Boutique.
 25167 | Snake:2  | 25167 ||| Stepping ~*~*~tactically~*~*~ (hiding).
 25168 | Snake:2  | 25168 ||| Stepping ~*~*~tactically~*~*~ (hiding).
 25185 | Snake:2  | Reached skill level 11 in Armour
 25249 | Snake:2  | 25249 ||| BUYING scroll of teleportation (33 gold).
 25249 | Snake:2  | Bought a scroll of teleportation for 33 gold pieces
 25249 | Snake:2  | 25249 ||| BUYING scroll of teleportation (33 gold).
 25249 | Snake:2  | Bought a scroll of teleportation for 33 gold pieces
 25255 | Snake:2  | 25255 ||| BUYING glowing war axe (208 gold).
 25255 | Snake:2  | Bought a glowing war axe for 208 gold pieces
 25255 | Snake:2  | 25255 ||| DROPPING +2 morningstar.
 25258 | Snake:2  | 25258 ||| BUYING potion of curing (123 gold).
 25258 | Snake:2  | Bought a potion of curing for 123 gold pieces
 25441 | Snake:2  | 25441 ||| Stepping ~*~*~tactically~*~*~ (hiding).
 25476 | Snake:2  | Received a gift from Okawaru
 25620 | Snake:2  | 25620 ||| INVOKING Heroism.
 25758 | Snake:2  | 25758 ||| Stepping ~*~*~tactically~*~*~ (hiding).
 25761 | Snake:2  | 25761 ||| Stepping ~*~*~tactically~*~*~ (hiding).
 26010 | Snake:2  | Noticed Aizul
 26011 | Snake:2  | 26011 ||| INVOKING Heroism.
 26012 | Snake:2  | 26012 ||| INVOKING Finesse.
 26033 | Snake:2  | Killed Aizul
 26034 | Snake:2  | Reached skill level 12 in Armour
 26138 | Snake:2  | 26138 ||| Stepping ~*~*~tactically~*~*~ (stealth).
 26143 | Snake:2  | 26143 ||| Stepping ~*~*~tactically~*~*~ (hiding).
 26145 | Snake:2  | 26145 ||| INVOKING Heroism.
 26301 | Snake:2  | 26301 ||| UPGRADING to +0 tower shield of protection.
 26311 | Snake:2  | 26311 ||| DROPPING +0 tower shield.
 26312 | Snake:2  | 26312 ||| DROPPING ring of magical power.
 26545 | Snake:3  | Noticed Asterion
 26546 | Snake:3  | 26546 ||| INVOKING Heroism.
 26547 | Snake:3  | Gained mutation: Armour fits poorly on your strangely
                  | shaped body. [a cacodemon]
 26567 | Snake:3  | Killed Asterion
 26687 | Snake:3  | 26687 ||| DRINKING 3 potions of mutation.
 26687 | Snake:3  | Lost mutation: Armour fits poorly on your strangely shaped
                  | body. [potion of mutation]
 26687 | Snake:3  | Gained mutation: You occasionally shout uncontrollably at
                  | your foes. [potion of mutation]
 26687 | Snake:3  | Gained mutation: You have large cloven feet. [potion of
                  | mutation]
 26687 | Snake:3  | Gained mutation: You are partially covered in large bone
                  | plates. (SH +4) [potion of mutation]
 26760 | Snake:3  | Found the +8 longbow "Zephyr" {speed, Dex+3 SInv}
 26773 | Snake:3  | 26773 ||| INVOKING Heroism.
 26776 | Snake:3  | 26776 ||| Stepping ~*~*~tactically~*~*~ (hiding).
 26903 | Snake:3  | 26903 ||| Stepping ~*~*~tactically~*~*~ (hiding).
 26916 | Snake:3  | Reached XP level 17. HP: 99/106 MP: 24/24
 26961 | Snake:3  | Noticed Donald
 26962 | Snake:3  | 26962 ||| INVOKING Heroism.
 26963 | Snake:3  | 26963 ||| INVOKING Finesse.
 26968 | Snake:3  | Killed Donald
 26968 | Snake:3  | Received a gift from Okawaru
 26971 | Snake:3  | 26971 ||| Stepping ~*~*~tactically~*~*~ (stealth).
 27218 | Snake:3  | Noticed Roxanne
 27219 | Snake:3  | 27219 ||| INVOKING Heroism.
 27241 | Snake:3  | Killed Roxanne
 27423 | Snake:3  | Identified the +1 cloak of the Tarantula {rPois Regen+}
 27894 | Snake:3  | 27894 ||| PLANNING SHOALS:1-3
 27894 | Snake:3  | 27894 ||| UPGRADING to +1 cloak of the Tarantula {rPois
                  | Regen+}.
 27904 | Snake:3  | 27904 ||| DROPPING +1 cloak.
 28003 | Shoals:1 | Entered Level 1 of the Shoals
 28004 | Shoals:1 | 28004 ||| STAIRDANCE
 28174 | Shoals:1 | Received a gift from Okawaru
 28177 | Shoals:1 | 28177 ||| STAIRDANCE
 28206 | Shoals:1 | 28206 ||| STAIRDANCE
 28243 | Shoals:1 | 28243 ||| INVOKING Heroism.
 28290 | Shoals:1 | 28290 ||| INVOKING Heroism.
 28346 | Shoals:1 | Reached skill level 13 in Armour
 28371 | Shoals:1 | 28371 ||| Stepping ~*~*~tactically~*~*~ (stealth).
 28378 | Shoals:1 | 28378 ||| Stepping ~*~*~tactically~*~*~ (stealth).
 28379 | Shoals:1 | 28379 ||| Stepping ~*~*~tactically~*~*~ (stealth).
 28381 | Shoals:1 | 28381 ||| Stepping ~*~*~tactically~*~*~ (hiding).
 28388 | Shoals:1 | Identified the +1 robe "Cifaulak" {rN+} (Okawaru gifted it
                  | to you on level 1 of the Shoals)
 28388 | Shoals:1 | Received a gift from Okawaru
 28628 | Shoals:1 | Noticed a kraken
 28641 | Shoals:1 | Killed a kraken
 28644 | Shoals:1 | 28644 ||| Stepping ~*~*~tactically~*~*~ (stealth).
 28645 | Shoals:1 | 28645 ||| Stepping ~*~*~tactically~*~*~ (stealth).
 28682 | Shoals:1 | 28682 ||| READING scroll of enchant armour.
 28682 | Shoals:1 | 28682 ||| ENCHANTING +3 plate armour.
 28789 | Shoals:1 | Identified the +2 war axe "Meca" {venom, rC+++ Will+++ MP-9
                  | Dex+3}
 28791 | Shoals:1 | 28791 ||| SWAPPING to +2 war axe "Meca" {venom, rC+++
                  | Will+++ MP-9 Dex+3}.
 29108 | Shoals:2 | 29108 ||| Stepping ~*~*~tactically~*~*~ (hiding).
 29109 | Shoals:2 | 29109 ||| Stepping ~*~*~tactically~*~*~ (hiding).
 29110 | Shoals:2 | 29110 ||| Stepping ~*~*~tactically~*~*~ (hiding).
 29111 | Shoals:2 | 29111 ||| Stepping ~*~*~tactically~*~*~ (hiding).
 29113 | Shoals:2 | 29113 ||| Stepping ~*~*~tactically~*~*~ (cloud).
 29115 | Shoals:2 | 29115 ||| Stepping ~*~*~tactically~*~*~ (stealth).
 29138 | Shoals:2 | 29138 ||| INVOKING Heroism.
 29162 | Shoals:2 | 29162 ||| Stepping ~*~*~tactically~*~*~ (hiding).
 29163 | Shoals:2 | 29163 ||| Stepping ~*~*~tactically~*~*~ (hiding).
 29164 | Shoals:2 | 29164 ||| Stepping ~*~*~tactically~*~*~ (hiding).
 29165 | Shoals:2 | 29165 ||| Stepping ~*~*~tactically~*~*~ (hiding).
 29329 | Shoals:2 | 29329 ||| Stepping ~*~*~tactically~*~*~ (hiding).
 29599 | Shoals:2 | 29599 ||| Stepping ~*~*~tactically~*~*~ (hiding).
 29600 | Shoals:2 | 29600 ||| Stepping ~*~*~tactically~*~*~ (hiding).
 30248 | Shoals:3 | Noticed a kraken
 30259 | Shoals:3 | Killed a kraken
 30262 | Shoals:3 | 30262 ||| INVOKING Heroism.
 30297 | Shoals:3 | 30297 ||| INVOKING Heroism.
 30365 | Shoals:3 | 30365 ||| INVOKING Heroism.
 30457 | Shoals:3 | 30457 ||| INVOKING Heroism.
 30501 | Shoals:3 | 30501 ||| INVOKING Heroism.
 30623 | Shoals:3 | 30623 ||| INVOKING Heroism.
 30640 | Shoals:3 | Reached skill level 18 in Shields
 30654 | Shoals:3 | 30654 ||| FLEEEEING.
 30655 | Shoals:3 | 30655 ||| FLEEEEING.
 30663 | Shoals:3 | Reached XP level 18. HP: 111/116 MP: 16/25
 30674 | Shoals:3 | 30674 ||| DROPPING +2 war axe of flaming.
 30685 | Shoals:3 | Found Ughowk's Magic Scroll Boutique.
 30703 | Shoals:3 | 30703 ||| INVOKING Heroism.
 30758 | Shoals:3 | 30758 ||| INVOKING Heroism.
 31095 | Shoals:3 | 31095 ||| PLANNING SNAKE:4
 31263 | Snake:4  | Entered Level 4 of the Snake Pit
 31373 | Snake:4  | 31373 ||| INVOKING Heroism.
 31462 | Snake:4  | 31462 ||| Stepping ~*~*~tactically~*~*~ (hiding).
 31464 | Snake:4  | 31464 ||| Stepping ~*~*~tactically~*~*~ (hiding).
 31467 | Snake:4  | 31467 ||| Stepping ~*~*~tactically~*~*~ (hiding).
 31645 | Snake:4  | 31645 ||| Stepping ~*~*~tactically~*~*~ (hiding).
 31654 | Snake:4  | 31654 ||| INVOKING Heroism.
 31661 | Snake:4  | 31661 ||| Stepping ~*~*~tactically~*~*~ (stealth).
 31668 | Snake:4  | 31668 ||| Stepping ~*~*~tactically~*~*~ (hiding).
 31669 | Snake:4  | 31669 ||| Stepping ~*~*~tactically~*~*~ (hiding).
 31689 | Snake:4  | Received a gift from Okawaru
 31743 | Snake:4  | Reached skill level 14 in Armour
 31786 | Snake:4  | Noticed Kirke
 31810 | Snake:4  | Killed Kirke
 31826 | Snake:4  | Noticed Mlioglotl
 31827 | Snake:4  | 31827 ||| Stepping ~*~*~tactically~*~*~ (hiding).
 31829 | Snake:4  | 31829 ||| INVOKING Heroism.
 31846 | Snake:4  | Killed Mlioglotl
 31880 | Snake:4  | 31880 ||| Stepping ~*~*~tactically~*~*~ (stealth).
 31882 | Snake:4  | 31882 ||| Stepping ~*~*~tactically~*~*~ (hiding).
 31903 | Snake:4  | 31903 ||| Stepping ~*~*~tactically~*~*~ (hiding).
 31905 | Snake:4  | 31905 ||| Stepping ~*~*~tactically~*~*~ (hiding).
 31906 | Snake:4  | 31906 ||| Stepping ~*~*~tactically~*~*~ (hiding).
 31908 | Snake:4  | 31908 ||| Stepping ~*~*~tactically~*~*~ (hiding).
 32042 | Snake:4  | 32042 ||| INVOKING Heroism.
 32058 | Snake:4  | Received a gift from Okawaru
 32059 | Snake:4  | Reached skill level 15 in Fighting
 32087 | Snake:4  | Noticed Vashnia
 32099 | Snake:4  | 32099 ||| INVOKING Heroism.
 32142 | Snake:4  | 32142 ||| INVOKING Heroism.
 32144 | Snake:4  | Killed Vashnia
 32149 | Snake:4  | Reached skill level 15 in Armour
 32161 | Snake:4  | 32161 ||| Stepping ~*~*~tactically~*~*~ (stealth).
 32165 | Snake:4  | 32165 ||| Stepping ~*~*~tactically~*~*~ (stealth).
 32171 | Snake:4  | 32171 ||| Stepping ~*~*~tactically~*~*~ (hiding).
 32200 | Snake:4  | Got a serpentine rune of Zot
 32228 | Snake:4  | 32228 ||| INVOKING Heroism.
 32256 | Snake:4  | Identified the +7 chain mail of Chimes {Rampage Str-2 Int+4
                  | SInv} (Okawaru gifted it to you on level 4 of the Snake
                  | Pit)
 32256 | Snake:4  | Received a gift from Okawaru
 32570 | Snake:4  | 32570 ||| PLANNING VAULTS:1-4
 32570 | Snake:4  | 32570 ||| UPGRADING to +7 chain mail of Chimes {Rampage
                  | Str-2 Int+4 SInv}.
 32612 | Snake:4  | 32612 ||| Stepping ~*~*~tactically~*~*~ (hiding).
 32978 | Vaults:1 | Entered Level 1 of the Vaults
 33213 | Vaults:1 | 33213 ||| Stepping ~*~*~tactically~*~*~ (stealth).
 33304 | Vaults:1 | 33304 ||| Stepping ~*~*~tactically~*~*~ (hiding).
 33437 | Vaults:1 | Reached XP level 19. HP: 109/124 MP: 17/26
 33947 | Vaults:2 | 33947 ||| Stepping ~*~*~tactically~*~*~ (hiding).
 33984 | Vaults:2 | 33984 ||| FLEEEEING.
 33985 | Vaults:2 | 33985 ||| FLEEEEING.
 33986 | Vaults:2 | 33986 ||| FLEEEEING.
 34038 | Vaults:2 | 34038 ||| INVOKING Heroism.
 34239 | Vaults:2 | 34239 ||| Stepping ~*~*~tactically~*~*~ (stealth).
 34392 | Vaults:2 | Found a staircase to the Crypt.
 34810 | Vaults:2 | Reached skill level 9 in Throwing
 34866 | Vaults:2 | 34866 ||| FLEEEEING.
 35262 | Vaults:3 | Reached ****** piety under Okawaru
 35269 | Vaults:3 | Reached skill level 6 in Dodging
 35277 | Vaults:3 | 35277 ||| INVOKING Heroism.
 35399 | Vaults:3 | Received a gift from Okawaru
 35444 | Vaults:3 | 35444 ||| Stepping ~*~*~tactically~*~*~ (stealth).
 35446 | Vaults:3 | 35446 ||| Stepping ~*~*~tactically~*~*~ (hiding).
 35465 | Vaults:3 | 35465 ||| Stepping ~*~*~tactically~*~*~ (stealth).
 35467 | Vaults:3 | 35467 ||| Stepping ~*~*~tactically~*~*~ (stealth).
 35519 | Vaults:3 | 35519 ||| INVOKING Heroism.
 35610 | Vaults:3 | 35610 ||| INVOKING Finesse.
 35658 | Vaults:3 | 35658 ||| Stepping ~*~*~tactically~*~*~ (stealth).
 35660 | Vaults:3 | 35660 ||| Stepping ~*~*~tactically~*~*~ (stealth).
 35709 | Vaults:3 | Received a gift from Okawaru
 35750 | Vaults:3 | 35750 ||| INVOKING Heroism.
 35751 | Vaults:3 | 35751 ||| INVOKING Finesse.
 35848 | Vaults:3 | 35848 ||| INVOKING Finesse.
 36175 | Vaults:3 | 36175 ||| INVOKING Finesse.
 36234 | Vaults:3 | 36234 ||| FLEEEEING.
 36235 | Vaults:3 | 36235 ||| FLEEEEING.
 36236 | Vaults:3 | 36236 ||| FLEEEEING.
 36237 | Vaults:3 | 36237 ||| FLEEEEING.
 36238 | Vaults:3 | 36238 ||| FLEEEEING.
 36239 | Vaults:3 | 36239 ||| FLEEEEING.
 36240 | Vaults:3 | 36240 ||| FLEEEEING.
 36241 | Vaults:3 | 36241 ||| FLEEEEING.
 36242 | Vaults:3 | 36242 ||| FLEEEEING.
 36243 | Vaults:3 | 36243 ||| FLEEEEING.
 36245 | Vaults:3 | 36245 ||| FLEEEEING.
 36246 | Vaults:3 | 36246 ||| FLEEEEING.
 36247 | Vaults:3 | 36247 ||| FLEEEEING.
 36249 | Vaults:3 | 36249 ||| FLEEEEING.
 36250 | Vaults:3 | 36250 ||| FLEEEEING.
 36251 | Vaults:3 | 36251 ||| FLEEEEING.
 36252 | Vaults:3 | 36252 ||| FLEEEEING.
 36253 | Vaults:3 | 36253 ||| FLEEEEING.
 36254 | Vaults:3 | 36254 ||| FLEEEEING.
 36255 | Vaults:3 | 36255 ||| FLEEEEING.
 36261 | Vaults:3 | 36261 ||| STAIRDANCE
 36377 | Vaults:3 | 36377 ||| FLEEEEING.
 36378 | Vaults:3 | 36378 ||| STAIRDANCE
 36410 | Vaults:3 | 36410 ||| Stepping ~*~*~tactically~*~*~ (stealth).
 36412 | Vaults:3 | 36412 ||| INVOKING Finesse.
 36577 | Vaults:3 | 36577 ||| Stepping ~*~*~tactically~*~*~ (hiding).
 36578 | Vaults:3 | 36578 ||| Stepping ~*~*~tactically~*~*~ (hiding).
 36581 | Vaults:3 | 36581 ||| Stepping ~*~*~tactically~*~*~ (hiding).
 36582 | Vaults:3 | 36582 ||| Stepping ~*~*~tactically~*~*~ (hiding).
 36583 | Vaults:3 | 36583 ||| Stepping ~*~*~tactically~*~*~ (hiding).
 36639 | Vaults:3 | Received a gift from Okawaru
 36832 | Vaults:3 | 36832 ||| Stepping ~*~*~tactically~*~*~ (hiding).
 36892 | Vaults:3 | 36892 ||| INVOKING Heroism.
 36893 | Vaults:3 | 36893 ||| INVOKING Finesse.
 36981 | Vaults:3 | 36981 ||| Stepping ~*~*~tactically~*~*~ (hiding).
 37147 | Vaults:3 | 37147 ||| DROPPING +1 cloak.
 37284 | Vaults:4 | 37284 ||| INVOKING Heroism.
 37285 | Vaults:4 | Received a gift from Okawaru
 37287 | Vaults:4 | Reached XP level 20. HP: 68/136 MP: 15/27
 37497 | Vaults:4 | 37497 ||| Stepping ~*~*~tactically~*~*~ (hiding).
 37616 | Vaults:4 | Found Gikiozet's General Store.
 37623 | Vaults:4 | 37623 ||| BUYING -2 hat of the Alchemist {rElec rPois rF+
                  | rC+ rN+ Will+ rMut rCorr} (896 gold).
 37623 | Vaults:4 | Bought the -2 hat of the Alchemist {rElec rPois rF+ rC+ rN+
                  | Will+ rMut rCorr} for 896 gold pieces
 37623 | Vaults:4 | Found the -2 hat of the Alchemist {rElec rPois rF+ rC+ rN+
                  | Will+ rMut rCorr}
 37623 | Vaults:4 | 37623 ||| BUYING scroll of enchant weapon (142 gold).
 37623 | Vaults:4 | Bought a scroll of enchant weapon for 142 gold pieces
 37788 | Vaults:4 | 37788 ||| INVOKING Heroism.
 37797 | Vaults:4 | Reached skill level 18 in Fighting
 37800 | Vaults:4 | Received a gift from Okawaru
 37852 | Vaults:4 | 37852 ||| Stepping ~*~*~tactically~*~*~ (hiding).
 37854 | Vaults:4 | 37854 ||| Stepping ~*~*~tactically~*~*~ (hiding).
 37855 | Vaults:4 | 37855 ||| Stepping ~*~*~tactically~*~*~ (hiding).
 37885 | Vaults:4 | Received a gift from Okawaru
 38115 | Vaults:4 | 38115 ||| Stepping ~*~*~tactically~*~*~ (hiding).
 38123 | Vaults:4 | Noticed Xtahua
 38124 | Vaults:4 | 38124 ||| INVOKING Heroism.
 38125 | Vaults:4 | 38125 ||| Stepping ~*~*~tactically~*~*~ (cloud).
 38127 | Vaults:4 | Received a gift from Okawaru
 38128 | Vaults:4 | 38128 ||| INVOKING Finesse.
 38142 | Vaults:4 | Killed Xtahua
 38165 | Vaults:4 | 38165 ||| Stepping ~*~*~tactically~*~*~ (stealth).
 38310 | Vaults:4 | Noticed Boris
 38311 | Vaults:4 | 38311 ||| INVOKING Heroism.
 38312 | Vaults:4 | 38312 ||| INVOKING Finesse.
 38331 | Vaults:4 | Killed Boris
 38395 | Vaults:4 | 38395 ||| Stepping ~*~*~tactically~*~*~ (stealth).
 38396 | Vaults:4 | 38396 ||| Stepping ~*~*~tactically~*~*~ (stealth).
 38433 | Vaults:4 | 38433 ||| Stepping ~*~*~tactically~*~*~ (stealth).
 38435 | Vaults:4 | 38435 ||| Stepping ~*~*~tactically~*~*~ (stealth).
 38436 | Vaults:4 | 38436 ||| Stepping ~*~*~tactically~*~*~ (stealth).
 38437 | Vaults:4 | 38437 ||| Stepping ~*~*~tactically~*~*~ (stealth).
 38596 | Vaults:4 | 38596 ||| Stepping ~*~*~tactically~*~*~ (hiding).
 38598 | Vaults:4 | 38598 ||| Stepping ~*~*~tactically~*~*~ (hiding).
 38600 | Vaults:4 | 38600 ||| Stepping ~*~*~tactically~*~*~ (hiding).
 38602 | Vaults:4 | 38602 ||| Stepping ~*~*~tactically~*~*~ (stealth).
 38606 | Vaults:4 | 38606 ||| Stepping ~*~*~tactically~*~*~ (hiding).
 38625 | Vaults:4 | Received a gift from Okawaru
 38634 | Vaults:4 | 38634 ||| Stepping ~*~*~tactically~*~*~ (hiding).
 38636 | Vaults:4 | 38636 ||| Stepping ~*~*~tactically~*~*~ (hiding).
 38638 | Vaults:4 | 38638 ||| Stepping ~*~*~tactically~*~*~ (hiding).
 38640 | Vaults:4 | 38640 ||| Stepping ~*~*~tactically~*~*~ (hiding).
 38962 | Vaults:4 | 38962 ||| PLANNING SHOALS:4
 39330 | Shoals:4 | Entered Level 4 of the Shoals
 39330 | Shoals:4 | Found Beorch's Overcharged Wands.
 39351 | Shoals:4 | Reached skill level 16 in Armour
 39389 | Shoals:4 | Received a gift from Okawaru
 39462 | Shoals:4 | 39462 ||| SHOPLISTING wand of digging (11) (693 gold, have
                  | 307).
 39528 | Shoals:4 | Found Pusis's Armour Shop.
 39533 | Shoals:4 | 39533 ||| SHOPLISTING +2 hat "Wiam" {+Blink rF+ Regen+}
                  | (630 gold, have 314).
 39533 | Shoals:4 | 39533 ||| SHOPLISTING +4 plate armour of fire resistance
                  | (900 gold, have 314).
 39554 | Shoals:4 | 39554 ||| Stepping ~*~*~tactically~*~*~ (hiding).
 39575 | Shoals:4 | Received a gift from Okawaru
 39585 | Shoals:4 | Noticed Polyphemus
 39608 | Shoals:4 | Killed Polyphemus
 39896 | Shoals:4 | 39896 ||| INVOKING Heroism.
 39897 | Shoals:4 | 39897 ||| INVOKING Finesse.
 39939 | Shoals:4 | 39939 ||| Stepping ~*~*~tactically~*~*~ (stealth).
 39976 | Shoals:4 | Got a barnacled rune of Zot
 40008 | Shoals:4 | 40008 ||| Stepping ~*~*~tactically~*~*~ (stealth).
 40010 | Shoals:4 | Noticed Ilsuiw
 40012 | Shoals:4 | 40012 ||| INVOKING Heroism.
 40013 | Shoals:4 | 40013 ||| INVOKING Finesse.
 40033 | Shoals:4 | Killed Ilsuiw
 40041 | Shoals:4 | Reached XP level 21. HP: 144/144 MP: 13/28
 40058 | Shoals:4 | Received a gift from Okawaru
 40110 | Shoals:4 | 40110 ||| INVOKING Heroism.
 40111 | Shoals:4 | 40111 ||| INVOKING Finesse.
 40114 | Shoals:4 | 40114 ||| Stepping ~*~*~tactically~*~*~ (hiding).
 40115 | Shoals:4 | 40115 ||| Stepping ~*~*~tactically~*~*~ (hiding).
 40116 | Shoals:4 | 40116 ||| Stepping ~*~*~tactically~*~*~ (hiding).
 40117 | Shoals:4 | 40117 ||| Stepping ~*~*~tactically~*~*~ (hiding).
 40118 | Shoals:4 | 40118 ||| Stepping ~*~*~tactically~*~*~ (hiding).
 40119 | Shoals:4 | 40119 ||| Stepping ~*~*~tactically~*~*~ (hiding).
 40120 | Shoals:4 | 40120 ||| Stepping ~*~*~tactically~*~*~ (hiding).
 40122 | Shoals:4 | 40122 ||| Stepping ~*~*~tactically~*~*~ (hiding).
 40387 | Shoals:4 | Identified the +4 mace "Tozaabui" {drain, rPois}
 40548 | Shoals:4 | 40548 ||| Stepping ~*~*~tactically~*~*~ (hiding).
 40592 | Shoals:4 | 40592 ||| Stepping ~*~*~tactically~*~*~ (hiding).
 40655 | Shoals:4 | 40655 ||| PLANNING DEPTHS
 40936 | Depths:1 | Entered Level 1 of the Depths
 40959 | Depths:1 | 40959 ||| STAIRDANCE
 40973 | Depths:1 | 40973 ||| STAIRDANCE
 41025 | Depths:1 | Found a shadowy altar of Dithmenos.
 41029 | Depths:1 | 41029 ||| INVOKING Heroism.
 41030 | Depths:1 | 41030 ||| INVOKING Finesse.
 41092 | Depths:1 | 41092 ||| Stepping ~*~*~tactically~*~*~ (hiding).
 41096 | Depths:1 | 41096 ||| INVOKING Heroism.
 41097 | Depths:1 | 41097 ||| INVOKING Finesse.
 41164 | Depths:1 | Found Ryrem's Jewellery Boutique.
 41167 | Depths:1 | Found Tuodwer's Book Shop.
 41167 | Depths:1 | Found Itizaci's Antique Weapon Boutique.
 41168 | Depths:1 | 41168 ||| Stepping ~*~*~tactically~*~*~ (hiding).
 41169 | Depths:1 | 41169 ||| Stepping ~*~*~tactically~*~*~ (hiding).
 41171 | Depths:1 | 41171 ||| Stepping ~*~*~tactically~*~*~ (hiding).
 41172 | Depths:1 | 41172 ||| Stepping ~*~*~tactically~*~*~ (hiding).
 41173 | Depths:1 | 41173 ||| Stepping ~*~*~tactically~*~*~ (hiding).
 41286 | Depths:1 | 41286 ||| SHOPLISTING +5 ring of evasion (540 gold, have
                  | 406).
 41286 | Depths:1 | 41286 ||| SHOPLISTING amulet of Elemental Vulnerability
                  | {rPois rF-- rC-- AC+8} (574 gold, have 406).
 41286 | Depths:1 | 41286 ||| BUYING ring of fire (375 gold).
 41286 | Depths:1 | Bought a ring of fire for 375 gold pieces
 41286 | Depths:1 | Found Kayfief's Magic Scroll Shop.
 41292 | Depths:1 | 41292 ||| SHOPLISTING scroll of enchant armour (120 gold,
                  | have 31).
 41305 | Depths:1 | 41305 ||| Stepping ~*~*~tactically~*~*~ (hiding).
 41376 | Depths:1 | Reached skill level 17 in Armour
 41391 | Depths:1 | Found a gateway to Hell.
 41605 | Depths:1 | 41605 ||| FLEEEEING.
 41606 | Depths:1 | 41606 ||| FLEEEEING.
 41607 | Depths:1 | 41607 ||| FLEEEEING.
 41608 | Depths:1 | 41608 ||| FLEEEEING.
 41609 | Depths:1 | 41609 ||| FLEEEEING.
 41677 | Depths:1 | 41677 ||| FLEEEEING.
 41678 | Depths:1 | 41678 ||| FLEEEEING.
 41684 | Depths:1 | 41684 ||| FLEEEEING.
 41685 | Depths:1 | 41685 ||| FLEEEEING.
 41686 | Depths:1 | 41686 ||| FLEEEEING.
 41687 | Depths:1 | 41687 ||| FLEEEEING.
 41688 | Depths:1 | 41688 ||| FLEEEEING.
 41689 | Depths:1 | 41689 ||| FLEEEEING.
 41690 | Depths:1 | 41690 ||| FLEEEEING.
 41691 | Depths:1 | 41691 ||| FLEEEEING.
 41696 | Depths:1 | 41696 ||| FLEEEEING.
 41698 | Depths:1 | 41698 ||| FLEEEEING.
 41699 | Depths:1 | 41699 ||| FLEEEEING.
 41700 | Depths:1 | 41700 ||| FLEEEEING.
 41701 | Depths:1 | 41701 ||| FLEEEEING.
 41702 | Depths:1 | 41702 ||| FLEEEEING.
 41702 | Depths:1 | Found a one-way gateway to a ziggurat.
 41705 | Depths:1 | 41705 ||| INVOKING Heroism.
 41782 | Depths:1 | Found the +6 arbalest "Damnation" {damnation}
 41873 | Depths:1 | 41873 ||| Stepping ~*~*~tactically~*~*~ (stealth).
 41875 | Depths:1 | 41875 ||| Stepping ~*~*~tactically~*~*~ (stealth).
 41879 | Depths:1 | 41879 ||| Stepping ~*~*~tactically~*~*~ (stealth).
 42096 | Depths:1 | 42096 ||| Stepping ~*~*~tactically~*~*~ (stealth).
 42173 | Depths:2 | Noticed a juggernaut
 42174 | Depths:2 | 42174 ||| Stepping ~*~*~tactically~*~*~ (hiding).
 42175 | Depths:2 | 42175 ||| Stepping ~*~*~tactically~*~*~ (stealth).
 42176 | Depths:2 | 42176 ||| INVOKING Heroism.
 42204 | Depths:2 | Killed a juggernaut
 42220 | Depths:2 | Received a gift from Okawaru
 42280 | Depths:2 | Found the +10 dark maul {heavy}
 42312 | Depths:2 | 42312 ||| Stepping ~*~*~tactically~*~*~ (stealth).
 42314 | Depths:2 | Noticed the Enchantress
 42315 | Depths:2 | 42315 ||| INVOKING Heroism.
 42341 | Depths:2 | Killed the Enchantress
 42362 | Depths:2 | 42362 ||| INVOKING Heroism.
 42398 | Depths:2 | Received a gift from Okawaru
 42403 | Depths:2 | 42403 ||| INVOKING Heroism.
 42540 | Depths:2 | Noticed Bai Suzhen
 42563 | Depths:2 | Killed Bai Suzhen
 42563 | Depths:2 | Received a gift from Okawaru
 42564 | Depths:2 | Reached skill level 21 in Shields
 42661 | Depths:2 | Found Meupeti's Assorted Antiques.
 42663 | Depths:2 | Found Nerph's Distillery.
 42665 | Depths:2 | Found Jalunot's Armour Emporium.
 42672 | Depths:2 | 42672 ||| BUYING potion of curing (45 gold).
 42672 | Depths:2 | Bought a potion of curing for 45 gold pieces
 42672 | Depths:2 | 42672 ||| BUYING potion of curing (45 gold).
 42672 | Depths:2 | Bought a potion of curing for 45 gold pieces
 42672 | Depths:2 | 42672 ||| BUYING potion of heal wounds (75 gold).
 42672 | Depths:2 | Bought a potion of heal wounds for 75 gold pieces
 42672 | Depths:2 | 42672 ||| SHOPLISTING potion of heal wounds (75 gold, have
                  | 53).
 42672 | Depths:2 | 42672 ||| SHOPLISTING potion of magic (120 gold, have 53).
 42674 | Depths:2 | 42674 ||| SHOPLISTING +4 crystal plate armour of a sewer
                  | {rN+} (1185 gold, have 53).
 42885 | Depths:2 | Reached XP level 22. HP: 141/152 MP: 20/29
 43126 | Depths:2 | Found a one-way gate leading to the halls of Pandemonium.
 43251 | Depths:2 | Received a gift from Okawaru
 43369 | Depths:2 | 43369 ||| DROPPING +2 chain mail of fire resistance.
 43370 | Depths:2 | 43370 ||| DROPPING +4 plate armour.
 43371 | Depths:2 | 43371 ||| UPGRADING to +0 crystal plate armour.
 43381 | Depths:2 | 43381 ||| DROPPING +7 chain mail of Chimes {Rampage Str-2
                  | Int+4 SInv}.
 43382 | Depths:2 | 43382 ||| DROPPING +2 pair of boots of flying.
 43383 | Depths:2 | 43383 ||| READING scroll of enchant armour.
 43383 | Depths:2 | 43383 ||| ENCHANTING +0 crystal plate armour.
 43530 | Depths:3 | Found a transporter.
 43594 | Depths:2 | Identified the +11 quarterstaff "Woumuz" {freeze, *Noise
                  | rF- rN+ Dex+9}
 43682 | Depths:3 | Noticed a golden dragon
 43683 | Depths:3 | 43683 ||| INVOKING Heroism.
 43684 | Depths:3 | 43684 ||| INVOKING Finesse.
 43697 | Depths:3 | Killed a golden dragon
 43697 | Depths:3 | Received a gift from Okawaru
 43718 | Depths:3 | Reached skill level 18 in Armour
 43749 | Depths:3 | Noticed a golden dragon
 43763 | Depths:3 | Killed a golden dragon
 43775 | Depths:3 | 43775 ||| INVOKING Heroism.
 43926 | Depths:3 | 43926 ||| INVOKING Finesse.
 43986 | Depths:3 | 43986 ||| Stepping ~*~*~tactically~*~*~ (stealth).
 43988 | Depths:3 | 43988 ||| Stepping ~*~*~tactically~*~*~ (hiding).
 43997 | Depths:3 | 43997 ||| INVOKING Heroism.
 44032 | Depths:3 | 44032 ||| INVOKING Finesse.
 44049 | Depths:3 | Reached skill level 19 in Armour
 44170 | Depths:3 | Noticed a juggernaut
 44260 | Depths:3 | 44260 ||| Stepping ~*~*~tactically~*~*~ (hiding).
 44266 | Depths:3 | Received a gift from Okawaru
 44267 | Depths:3 | 44267 ||| INVOKING Heroism.
 44315 | Depths:3 | 44315 ||| Stepping ~*~*~tactically~*~*~ (stealth).
 44493 | Depths:3 | Found a one-way gate to the infinite horrors of the Abyss.
 44503 | Depths:3 | Noticed Mara
 44504 | Depths:3 | 44504 ||| INVOKING Heroism.
 44537 | Depths:3 | 44537 ||| INVOKING Heroism.
 44538 | Depths:3 | Noticed qw's illusion
 44543 | Depths:3 | Killed Mara
 44633 | Depths:3 | 44633 ||| INVOKING Heroism.
 44647 | Depths:3 | Found a shimmering blue altar of Sif Muna.
 44717 | Depths:4 | Entered Level 4 of the Depths
 44729 | Depths:4 | Noticed Boris
 44730 | Depths:4 | 44730 ||| INVOKING Heroism.
 44746 | Depths:4 | Killed Boris
 44754 | Depths:4 | 44754 ||| INVOKING Heroism.
 44770 | Depths:4 | Reached skill level 20 in Armour
 44936 | Depths:4 | 44936 ||| Stepping ~*~*~tactically~*~*~ (hiding).
 44938 | Depths:4 | 44938 ||| INVOKING Heroism.
 44956 | Depths:4 | 44956 ||| Stepping ~*~*~tactically~*~*~ (cloud).
 44968 | Depths:4 | 44968 ||| INVOKING Heroism.
 45007 | Depths:4 | 45007 ||| Stepping ~*~*~tactically~*~*~ (hiding).
 45021 | Depths:4 | Received a gift from Okawaru
 45036 | Depths:4 | 45036 ||| Stepping ~*~*~tactically~*~*~ (hiding).
 45039 | Depths:4 | 45039 ||| Stepping ~*~*~tactically~*~*~ (hiding).
 45040 | Depths:4 | 45040 ||| Stepping ~*~*~tactically~*~*~ (hiding).
 45075 | Depths:4 | Found a gate to the Realm of Zot.
 45076 | Depths:4 | 45076 ||| INVOKING Heroism.
 45149 | Depths:4 | Received a gift from Okawaru
 45151 | Depths:4 | Noticed a golden dragon
 45151 | Depths:4 | 45151 ||| INVOKING Heroism.
 45161 | Depths:4 | Noticed a golden dragon
 45183 | Depths:4 | Killed a golden dragon
 45189 | Depths:4 | 45189 ||| Stepping ~*~*~tactically~*~*~ (stealth).
 45196 | Depths:4 | 45196 ||| FLEEEEING.
 45197 | Depths:4 | 45197 ||| FLEEEEING.
 45198 | Depths:4 | 45198 ||| FLEEEEING.
 45200 | Depths:4 | 45200 ||| FLEEEEING.
 45202 | Depths:4 | 45202 ||| FLEEEEING.
 45203 | Depths:4 | 45203 ||| FLEEEEING.
 45204 | Depths:4 | 45204 ||| FLEEEEING.
 45205 | Depths:4 | 45205 ||| FLEEEEING.
 45206 | Depths:4 | 45206 ||| FLEEEEING.
 45207 | Depths:4 | 45207 ||| FLEEEEING.
 45208 | Depths:4 | 45208 ||| FLEEEEING.
 45209 | Depths:4 | 45209 ||| FLEEEEING.
 45210 | Depths:4 | 45210 ||| FLEEEEING.
 45211 | Depths:4 | 45211 ||| FLEEEEING.
 45212 | Depths:4 | 45212 ||| FLEEEEING.
 45213 | Depths:4 | 45213 ||| FLEEEEING.
 45214 | Depths:4 | 45214 ||| FLEEEEING.
 45215 | Depths:4 | 45215 ||| FLEEEEING.
 45216 | Depths:4 | 45216 ||| FLEEEEING.
 45217 | Depths:4 | 45217 ||| FLEEEEING.
 45219 | Depths:4 | 45219 ||| FLEEEEING.
 45220 | Depths:4 | 45220 ||| FLEEEEING.
 45221 | Depths:4 | 45221 ||| FLEEEEING.
 45222 | Depths:4 | 45222 ||| FLEEEEING.
 45223 | Depths:4 | 45223 ||| FLEEEEING.
 45224 | Depths:4 | 45224 ||| FLEEEEING.
 45225 | Depths:4 | 45225 ||| STAIRDANCE
 45244 | Depths:3 | Reached skill level 21 in Armour
 45323 | Depths:4 | Received a gift from Okawaru
 45327 | Depths:4 | 45327 ||| DROPPING +4 broad axe.
 45338 | Depths:4 | 45338 ||| INVOKING Heroism.
 45374 | Depths:4 | 45374 ||| Stepping ~*~*~tactically~*~*~ (stealth).
 45411 | Depths:4 | Noticed a dread lich
 45412 | Depths:4 | 45412 ||| INVOKING Heroism.
 45466 | Depths:4 | Killed a dread lich
 45580 | Depths:4 | Noticed a golden dragon
 45581 | Depths:4 | 45581 ||| INVOKING Heroism.
 45591 | Depths:4 | Killed a golden dragon
 45592 | Depths:4 | Reached XP level 23. HP: 156/156 MP: 19/30
 45687 | Depths:4 | 45687 ||| INVOKING Heroism.
 45850 | Depths:4 | Noticed a juggernaut
 45851 | Depths:4 | 45851 ||| INVOKING Heroism.
 45878 | Depths:4 | Killed a juggernaut
 45924 | Depths:4 | 45924 ||| Stepping ~*~*~tactically~*~*~ (hiding).
 46071 | Depths:4 | 46071 ||| Stepping ~*~*~tactically~*~*~ (stealth).
 46083 | Depths:4 | Reached skill level 22 in Armour
 46491 | Depths:4 | 46491 ||| PLANNING VAULTS:5
 46491 | Depths:4 | 46491 ||| DROPPING +1 plate armour of cold resistance.
 46789 | Vaults:5 | Entered Level 5 of the Vaults
 46791 | Vaults:5 | 46791 ||| INVOKING Heroism.
 46821 | Vaults:5 | Received a gift from Okawaru
 46827 | Vaults:5 | HP: 36/158 [vault guard/+0 broad axe (25)]
 46828 | Vaults:5 | 46828 ||| STAIRDANCE
 46830 | Vaults:4 | 46830 ||| READING 19 scrolls of teleportation.
 46831 | Vaults:4 | 46831 ||| DRINKING 10 potions of heal wounds.
 46943 | Vaults:5 | 46943 ||| INVOKING Heroism.
 46944 | Vaults:5 | 46944 ||| INVOKING Finesse.
 46954 | Vaults:5 | Identified the +8 arbalest "Dealekk" {flame, Dex+3}
 46956 | Vaults:5 | Reached skill level 21 in Fighting
 46959 | Vaults:5 | Received a gift from Okawaru
 46966 | Vaults:5 | Noticed Mennas
 47028 | Vaults:5 | HP: 38/160 [Mennas/+5 trishula of holy wrath (15)]
 47029 | Vaults:5 | 47029 ||| DRINKING 9 potions of heal wounds.
 47042 | Vaults:5 | 47042 ||| INVOKING Finesse.
 47049 | Vaults:5 | HP: 40/160 [vault guard/+0 halberd (3)]
 47050 | Vaults:5 | 47050 ||| READING 18 scrolls of teleportation.
 47051 | Vaults:5 | 47051 ||| DRINKING 8 potions of heal wounds.
 47060 | Vaults:5 | Noticed Boris
 47072 | Vaults:5 | HP: 28/160 [titan/the air (28)]
 47073 | Vaults:5 | 47073 ||| READING 17 scrolls of teleportation.
 47073 | Vaults:5 | Killed Boris
 47074 | Vaults:5 | Reached skill level 12 in Throwing
 47074 | Vaults:5 | 47074 ||| DRINKING 7 potions of heal wounds.
 47088 | Vaults:5 | 47088 ||| INVOKING Heroism.
 47096 | Vaults:5 | HP: 9/160 [deep elf sorcerer/damnation (43)]
 47097 | Vaults:5 | 47097 ||| DRINKING 6 potions of heal wounds.
 47098 | Vaults:5 | 47098 ||| DRINKING 5 potions of heal wounds.
 47098 | Vaults:5 | HP: 2/160 [Mennas/+5 trishula of holy wrath (39)]
 47099 | Vaults:5 | 47099 ||| DRINKING 4 potions of heal wounds.
 47099 | Vaults:5 | Mangled by Mennas

Levels and vault maps discovered:
D:1:      dpeg_arrival_simpleton_c, layout_basic,
          hellmonk_ecumenical_altar_pennies_from_heaven, serial_bayou_ford_a,
          minmay_misc_feat_pillars, supply_closet_lemuel
D:2:      layout_basic, serial_shops, nicolae_shop_getting_attention, shop,
          shop, st_stairs_4, uniq_jessica
D:3:      layout_loops_ring, minmay_box_of_dots
D:4:      layout_basic, portal_sewer_entry_f
D:5:      cheibrodos_fertilizer, layout_loops_ring,
          nicolae_overflow_hidden_temple, mainiacjoe_overflow_alcove_2,
          chequers_decorated_corner
D:6:      layout_loops_ring, elyvilon_altar_3
D:7:      minmay_spotlight, layout_loops_ring, mainiacjoe_overflow_24_doors,
          fedhas_altar_3, minmay_temple_entry_oklob,
          gammafunk_ghost_wrathful_warriors, chequers_serial_rivers_marsh
D:8:      layout_cave_pools, due_lair_maze_entry_diamond, serial_shops, shop,
          shop, shop_statue, shop, shop, uniq_maggie, uniq_maurice, uniq_joseph
D:9:      layout_loops_corners, lemuel_crystal_altar,
          ebering_ghost_funeral_grove, uniq_erolcha
D:10:     layout_roguey
D:11:     layout_basic, david_orc_2
D:12:     layout_basic, onia_ninara_dug_in_and_dangerous
D:13:     lemuel_troll_bridge, layout_basic, gammafunk_ghost_berserking_beasts
D:14:     layout_irregular_city, david_vaults_4, serial_shops, shop,
          reono_crystal_passage, uniq_azrael
D:15:     hangedman_depths_entry_try_elsewhere_first, layout_loops_ring,
          nemelex_xobeh_ov_fountains_minmay, uniq_agnes, uniq_louise
Temple:   nicolae_temple_slightly_damp_pantheon
Lair:1:   layout_gridlike, enter_volcano_3
Lair:2:   layout_gridlike, guppyfry_snake_entry_island
Lair:3:   layout_long_grid, minmay_shoals_entry_beasts, nicolae_lair_lindhole
Lair:4:   layout_long_grid, hangedman_lair_generics_rect, serial_bayou_shore_a,
          infiniplex_staircase_pool
Lair:5:   gammafunk_lair_ancient_temple, layout_regular_city, slime_entry_1,
          minmay_hedge_maze
Shoals:1: layout_shoals, nicolae_shoals_kraken_intersection
Shoals:2: layout_shoals, nicolae_shoals_undead_eyrie
Shoals:3: layout_shoals, serial_shops, nicolae_square_shop
Shoals:4: shoals_end_simple, layout_shoals, shoals_ilsuiw_ice, serial_shops,
          nicolae_shop_hallway_plus, nicolae_shop_overcharged_wands,
          uniq_polyphemus
Snake:1:  layout_chambers
Snake:2:  layout_onion, nicolae_wooded_promenade, nicolae_snake_flat_spine,
          uniq_aizul
Snake:3:  layout_chambers, uniq_donald, uniq_asterion, uniq_roxanne
Snake:4:  johnstein_snake_rune_scales, layout_cave_shapes, grunt_megastairs_4,
          nicolae_triple_integral, uniq_kirke, uniq_mlioglotl
Orc:1:    layout_caves
Orc:2:    st_orc_rangers, layout_caves, gammafunk_ghost_grave, uniq_rupert
Vaults:1: vaults_standard_mumra_enter_the_diamond, v_alt_pattern_4,
          ontoclasm_vaults_spin, nicolae_vaults_trapezoid_lopsided_1,
          nicolae_vaults_stepped_doors, nicolae_vaults_tetromino_Z_2,
          layout_vaults_big_room
Vaults:2: v_misc_15, nicolae_vaults_trapezoid_lopsided_1,
          nicolae_vaults_mini_display_case, vaults_dpeg_hooks,
          vaults_room_semicircle, nicolae_vaults_tetromino_L_2,
          nicolae_vaults_angled_halls, grunt_vaults_hallway_long,
          nicolae_vaults_apartment_1, layout_vaults_quadrants,
          minmay_crypt_entry_skeletal_spiral
Vaults:3: nicolae_vaults_network_square, hangedman_vaults_snaps,
          nicolae_vaults_network_star, hangedman_vaults_stream,
          grunt_vaults_trifunnel, nicolae_vaults_yaktaur_gun_rack,
          vaults_room_door_ring, vaults_dpeg_spiral, nicolae_vaults_gold_heap,
          layout_vaults_maze_snakey
Vaults:4: nicolae_vaults_storage_room_statues, nicolae_vaults_closet_pinwheel_2,
          hangedman_vaults_cutoff, nicolae_vaults_what_the_h,
          ontoclasm_vaults_bender, v_misc_26, nicolae_vaults_little_squares_1,
          vaults_dpeg_encased_lava, nicolae_vaults_hallways_thing, v_rooms_4,
          nicolae_vaults_ring_of_whatevers, v_misc_10, grunt_vaults_diagonal,
          hangedman_vaults_stretched_pinwheel, layout_vaults_omnibox,
          serial_shops, nicolae_shop_window_shopping, uniq_xtahua, uniq_boris
Vaults:5: uniq_mennas
Depths:1: layout_gridlike, enter_ziggurat_c, hell_entry,
          nicolae_dithmenos_through_a_glass_darkly, minmay_shoptagon
Depths:2: minmay_roctagon, layout_gridlike, rand_demon_pan_entry_9,
          nicolae_concentric_dashed_squares_wild, hell_entry, minmay_shop_star,
          serial_bayou_shore_b, minmay_staircase_bubble, firewood_loft,
          uniq_enchantress, uniq_bai_suzhen
Depths:3: emtedronai_trogs_sanctum, layout_gridlike, abyss_entry, hell_entry,
          roderic_filled_cross, tgw_sif, serial_bayou_shore_b, uniq_mara,
          uniq_margery
Depths:4: grunt_x_marks_the_spot, layout_basic, nicolae_titane, hell_entry,
          minmay_swirly_circle

Skill      XL: |  1  2  3  4  5  6  7  8  9 10 11 12 13 14 15 16 17 18 19 20 21 22 23 |
---------------+----------------------------------------------------------------------+-----
Axes           | 2 3 4 5 7 8 10 11 12 14 15 16 17 | 17.0
Fighting       | 4 5 6 7 8 9 10 11 12 14 15 17 19 20 21 | 21.0
Dodging        | 1 2 3 4 5 6 7 8 |  8.0
Throwing       | 1 5 7 8 9 10 11 12 | 12.0
Armour         | 4 5 6 7 8 9 10 12 13 15 16 17 21 22 | 22.0
Shields        | 4 9 10 11 12 14 17 18 19 20 21 | 21.0
Invocations    | 2 4 9 10 | 10.0

Action                     |  1- 3 |  4- 6 |  7- 9 | 10-12 | 13-15 | 16-18 | 19-21 | 22-24 || total
---------------------------+-------+-------+-------+-------+-------+-------+-------+-------++-------
  Melee: War axe           |    42 |    89 |   229 |    64 |       |   776 |  2180 |  1099 ||  4479
         Broad axe         |       |       |       |   461 |  1204 |   713 |       |       ||  2378
         Morningstar       |       |       |       |       |    42 |       |       |       ||    42
  Throw: Boomerang         |    17 |    30 |    62 |    30 |    22 |       |    30 |       ||   191
         Javelin           |       |       |       |       |    30 |    68 |   126 |    28 ||   252
 Invoke: Heroism           |       |       |     1 |    24 |    39 |    31 |    19 |    21 ||   135
         Finesse           |       |       |       |       |     3 |     2 |    13 |     5 ||    23
    Use: Scroll            |     3 |    11 |    11 |     8 |     7 |     2 |       |     4 ||    46
         Potion            |       |     3 |       |     2 |       |     1 |       |     7 ||    13
   Stab: Petrified         |       |       |       |       |       |       |     3 |       ||     3
         Petrifying        |       |       |       |       |       |       |     2 |       ||     2
 Armour: Scale mail        |    19 |    11 |       |       |       |       |       |       ||    30
         Chain mail        |       |    33 |   129 |   291 |   617 |    29 |   546 |     8 ||  1653
         Plate armour      |       |       |       |       |       |   641 |       |       ||   641
         Crystal plate arm |       |       |       |       |       |       |       |   441 ||   441
  Dodge: Dodged            |    22 |    43 |    73 |   164 |   295 |   505 |   479 |   308 ||  1889
  Block: Buckler           |     6 |    12 |    46 |       |       |       |       |       ||    64
         Kite shield       |       |       |    11 |   496 |   904 |       |       |       ||  1411
         Reflection        |       |       |     1 |     4 |    70 |   243 |    75 |     9 ||   402
         Tower shield      |       |       |       |       |   142 |  2136 |  2139 |  1227 ||  5644

Table legend:
 A = Non-vault XP
 B = Vault XP
 C = Vault XP percentage of total XP
 D = Non-vault monster count
 E = Vault monster count
 F = Vault count percentage of total count
                 A         B        C        D         E       F
            +---------+---------+-------+---------+---------+-------
      Total |  486797 |  287306 |  37.1 |    1102 |     452 |  29.1
            +---------+---------+-------+---------+---------+-------
        D:1 |      17 |       0 |   0.0 |      10 |       0 |   0.0
        D:2 |      28 |      42 |  60.0 |      12 |       3 |  20.0
        D:3 |      63 |       3 |   4.5 |      10 |       2 |  16.7
        D:4 |     365 |      10 |   2.7 |      26 |       5 |  16.1
        D:5 |     627 |     877 |  58.3 |      22 |      17 |  43.6
        D:6 |     445 |       0 |   0.0 |       7 |       0 |   0.0
        D:7 |    1384 |     270 |  16.3 |      25 |       5 |  16.7
        D:8 |    1166 |    2899 |  71.3 |      17 |      13 |  43.3
        D:9 |    1211 |     871 |  41.8 |      14 |       1 |   6.7
       D:10 |    1888 |       0 |   0.0 |      15 |       0 |   0.0
       D:11 |    3929 |      18 |   0.5 |      19 |       6 |  24.0
       D:12 |    5727 |       0 |   0.0 |      17 |       0 |   0.0
       D:13 |    5651 |    5245 |  48.1 |      14 |       8 |  36.4
       D:14 |   12997 |    3408 |  20.8 |      30 |      11 |  26.8
       D:15 |   10787 |    4919 |  31.3 |      25 |       6 |  19.4
     Lair:1 |    4361 |     287 |   6.2 |      18 |       2 |  10.0
     Lair:2 |   10697 |     479 |   4.3 |      40 |       3 |   7.0
     Lair:3 |   10391 |    2104 |  16.8 |      27 |       4 |  12.9
     Lair:4 |    6393 |    3247 |  33.7 |      18 |       7 |  28.0
     Lair:5 |   13887 |    7772 |  35.9 |      59 |      16 |  21.3
   Shoals:1 |   17634 |    1499 |   7.8 |      37 |       1 |   2.6
   Shoals:2 |   10671 |    1227 |  10.3 |      25 |       6 |  19.4
   Shoals:3 |   22642 |       0 |   0.0 |      43 |       0 |   0.0
   Shoals:4 |   22865 |   30692 |  57.3 |      46 |      49 |  51.6
    Snake:1 |   15247 |       0 |   0.0 |      44 |       0 |   0.0
    Snake:2 |   27043 |    1257 |   4.4 |      52 |       1 |   1.9
    Snake:3 |   10501 |    4304 |  29.1 |      24 |       3 |  11.1
    Snake:4 |   22909 |   30808 |  57.4 |      47 |      49 |  51.0
      Orc:1 |     924 |       0 |   0.0 |      22 |       0 |   0.0
      Orc:2 |    3971 |    7465 |  65.3 |      30 |      39 |  56.5
   Vaults:1 |   14480 |    7831 |  35.1 |      26 |      14 |  35.0
   Vaults:2 |   11318 |    9892 |  46.6 |      15 |      20 |  57.1
   Vaults:3 |   22136 |   27287 |  55.2 |      33 |      40 |  54.8
   Vaults:4 |   37639 |   24698 |  39.6 |      49 |      28 |  36.4
   Vaults:5 |   11811 |   33064 |  73.7 |      15 |      39 |  72.2
   Depths:1 |   40702 |       0 |   0.0 |      56 |       0 |   0.0
   Depths:2 |   29311 |   21875 |  42.7 |      37 |      16 |  30.2
   Depths:3 |   52806 |    5389 |   9.3 |      52 |       2 |   3.7
   Depths:4 |   20173 |   47414 |  70.2 |      24 |      31 |  56.4
      Sewer |       0 |     153 | 100.0 |       0 |       5 | 100.0
            +---------+---------+-------+---------+---------+-------
